 Dungeon Crawl Stone Soup version 0.30.0-29-ga12c61a403 (webtiles) character file.

Game seed: 12969563018945752268

537673 qw the Slayer (level 25, -18/184 HPs)
             Began as a Gargoyle Fighter on June 4, 2023.
             Was an Elder of Okawaru.
             Demolished by a purple draconian
             ... wielding a +0 long sword of distortion
              (20 damage)
             ... on level 4 of the Realm of Zot.
             The game lasted 00:43:13 (50036 turns).

qw the Slayer (Gargoyle Fighter)                   Turns: 50036, Time: 00:43:13

Health: -18/184    AC: 82    Str: 42    XL:     25   Next: 87%
Magic:  30/30      EV: 10    Int: 18    God:    Okawaru [****..]
Gold:   626        SH: 35    Dex: 13    Spells: 24/24 levels left

rFire   + + .        G - +12 broad axe "Oquatraz" {venom, rN+ rCorr Str+3 Int+2}
rCold   . . .        j - +18 shield of the Gong {Loud rN+ Will+ rCorr EV-5}
rNeg    + + +        s - +12 crystal plate armour of the Jackalope {Will++ Int+2 SInv}
rPois   inf          D - +2 helmet {Int+3}
rElec   +            t - +2 cloak
rCorr   +            E - +1 pair of gloves of the Trout {rF+}
SInv    +            A - +2 pair of boots
Will    ++++.        q - amulet of regeneration Stlth
                     R - ring of Hergh {rF+ AC+4 Str+3}
HPRegen 1.30/turn    z - ring "Qetuck" {Fly rN+ Str+6 Dex+4}
MPRegen 0.22/turn

%: no passive effects
@: about to teleport, heroic, flying
A: sickness immunity, AC +19, big wings, negative energy resistance 1,
electricity resistance, torment resistance 1, petrification resistance
}: 3/15 runes: serpentine, barnacled, silver
a: Renounce Religion, Heroism, Finesse


You were on level 4 of the Realm of Zot.
You worshipped Okawaru.
Okawaru was greatly pleased with you.
You visited 9 branches of the dungeon, and saw 44 of its levels.
You also visited: Gauntlet and Wizlab.

You collected 8099 gold pieces.
You spent 7473 gold pieces at shops.


Innate Abilities, Weirdness & Mutations

You are immune to sickness and miasma.
Your stone body is resilient. (AC +19)
You are immune to poison.
Your large and strong wings let you fly.
You resist negative energy. (rN+)
You are resistant to electric shocks. (rElec)
You are resistant to unholy torment.
You are immune to petrification.


   Skills:
 + Level 26.3(27) Fighting
 - Level 18.0(23.0) Axes
 - Level 14.0(19.0) Throwing
 - Level 22.0(27) Armour
 - Level 11.0(16.0) Dodging
 - Level 20.0(25.0) Shields
 - Level 10.0 Invocations


You had 24 spell levels left.
You didn't know any spells.
Your spell library was empty.

Inventory:

Hand Weapons
 w - a +4 broad axe of protection
 G - the +12 broad axe "Oquatraz" (weapon) {venom, rN+ rCorr Str+3 Int+2}
   (You bought it in a shop on level 4 of the Vaults)

   Str:       It affects your strength (+3).
   Int:       It affects your intelligence (+2).
   rN:        It protects you from negative energy.
   rCorr:     It protects you from acid and corrosion.
Missiles
 l - 46 boomerangs
 J - 14 silver boomerangs (quivered)
 K - 3 javelins
 U - a boomerang of dispersal
Armour
 c - the +2 cloak of Gozag's Envy {*Corrode rN+ Will+ Int+4}
   (You found it on level 5 of the Vaults)

   Int:       It affects your intelligence (+4).
   rN:        It protects you from negative energy.
   *Corrode:  It may corrode you when you take damage.
   Will:      It increases your willpower.
 h - the scarf of the Game of Kings {harm, rElec rF+ rN+}
   (Okawaru gifted it to you on level 2 of the Vaults)

   rF:        It protects you from fire.
   rElec:     It insulates you from electricity.
   rN:        It protects you from negative energy.
 i - the +1 plate armour of Repulsion {rF+ rN+ rCorr Int+3}
   (You found it on level 5 of the Vaults)

   Int:       It affects your intelligence (+3).
   rF:        It protects you from fire.
   rN:        It protects you from negative energy.
   rCorr:     It protects you from acid and corrosion.
 j - the +18 shield of the Gong (worn) {Loud rN+ Will+ rCorr EV-5}
   (You found it on level 15 of the Dungeon)

   Loud:      It is deafeningly noisy when blocking attacks.
   EV:        It affects your evasion (-5).
   rN:        It protects you from negative energy.
   rCorr:     It protects you from acid and corrosion.
   Will:      It increases your willpower.
 s - the +12 crystal plate armour of the Jackalope (worn) {Will++ Int+2 SInv}
   (Okawaru gifted it to you on level 4 of the Lair of Beasts)

   Int:       It affects your intelligence (+2).
   SInv:      It lets you see invisible.
   Will:      It greatly increases your willpower.
 t - a +2 cloak (worn)
 A - a +2 pair of boots (worn)
 C - the +0 pair of gloves of Lies {rCorr Int+4 Stlth-}
   (You acquired it on level 1 of the Realm of Zot)

   Int:       It affects your intelligence (+4).
   rCorr:     It protects you from acid and corrosion.
   Stlth:     It makes you less stealthy.
 D - a +2 helmet of intelligence (worn)
 E - the +1 pair of gloves of the Trout (worn) {rF+}
   (Okawaru gifted it to you on level 4 of the Vaults)

   rF:        It protects you from fire.
 S - a +2 pair of gloves of hurling
 V - the +1 pair of boots of Supple Strength {rCorr Int+3}
   (You found it on level 5 of the Vaults)

   Int:       It affects your intelligence (+3).
   rCorr:     It protects you from acid and corrosion.
Jewellery
 p - a ring of protection from fire
 q - an amulet of regeneration (around neck)
 y - the ring "Viuseupp" {rCorr AC+4 Str-3 Dex+2}
   (You bought it in a shop on level 4 of the Shoals)

   [ring of protection]

   AC:        It affects your AC (+4).
   Str:       It affects your strength (-3).
   Dex:       It affects your dexterity (+2).
   rCorr:     It protects you from acid and corrosion.
 z - the ring "Qetuck" (right hand) {Fly rN+ Str+6 Dex+4}
   (You took it off an ironbound preserver on level 5 of the Vaults)

   [ring of positive energy]

   Str:       It affects your strength (+6).
   Dex:       It affects your dexterity (+4).
   rN:        It protects you from negative energy.
   Fly:       It grants you flight.
 B - the ring of Gek Piop {Wiz rCorr Dex+2 Slay+3}
   (You bought it in a shop on level 4 of the Shoals)

   [ring of wizardry]

   It improves your spell success rate.
   Dex:       It affects your dexterity (+2).
   Slay:      It affects your accuracy & damage with ranged weapons and melee
   (+3).
   rCorr:     It protects you from acid and corrosion.
 F - the ring of the Lily {Ice Stlth+}
   (You found it in a Gauntlet)

   [ring of ice]

   It enhances your ice magic.
   rF:        It makes you vulnerable to fire.
   rC:        It protects you from cold.
   Stlth:     It makes you more stealthy.
 R - the ring of Hergh (left hand) {rF+ AC+4 Str+3}
   (You took it off an ogre mage on level 5 of the Vaults)

   [ring of protection]

   AC:        It affects your AC (+4).
   Str:       It affects your strength (+3).
   rF:        It protects you from fire.
 T - the ring "Wiraucziqe" {Fire Contam rElec Str+4 Dex+2}
   (You found it in a wizard's laboratory)

   [ring of fire]

   It enhances your fire magic.
   Str:       It affects your strength (+4).
   Dex:       It affects your dexterity (+2).
   rF:        It protects you from fire.
   rC:        It makes you vulnerable to cold.
   rElec:     It insulates you from electricity.
   Contam:    It causes magical contamination when unequipped.
 Y - the ring "Ybrank" {rElec rPois rC+ rCorr Int+3}
   (You found it on level 11 of the Dungeon)

   [ring of resist corrosion]

   Int:       It affects your intelligence (+3).
   rC:        It protects you from cold.
   rElec:     It insulates you from electricity.
   rPois:     It protects you from poison.
   rCorr:     It protects you from acid and corrosion.
Wands
 v - a wand of digging (3)
Scrolls
 a - 13 scrolls of identify
 b - 13 scrolls of teleportation
 H - 4 scrolls of enchant armour
 I - 4 scrolls of enchant weapon
 Q - 2 scrolls of brand weapon
Potions
 d - 13 potions of might
 e - 15 potions of mutation
 f - 6 potions of magic
 g - 7 potions of heal wounds
 k - 12 potions of haste
 m - 6 potions of resistance
 n - 16 potions of attraction
 o - 30 potions of curing
 r - 9 potions of lignification
 u - 6 potions of cancellation

Dungeon Overview and Level Annotations

Branches:
Dungeon (15/15)            Temple (1/1) D:6            Lair (5/5) D:11
 Shoals (4/4) Lair:3        Snake (4/4) Lair:2        Slime (0/5) Lair:5
    Orc (2/2) D:12            Elf (0/3) Orc:2        Vaults (5/5) D:13
  Crypt (0/3) Vaults:3     Depths (4/4) D:15            Zot (4/5) Depths:4
 WizLab (visited)         Gauntlet (visited)

Altars:
Ashenzari
Cheibriados
Dithmenos
Elyvilon
Fedhas
Gozag
Hepliaklqana
Kikubaaqudgha
Makhleb
Nemelex Xobeh
Okawaru
Qazlal
Ru
Sif Muna
Trog
Uskayaw
Vehumet
Wu Jian
Xom
Yredelemnul
Zin
The Shining One
Jiyva

Shops:
D:4 !   D:12 :[   D:14 !?   Orc:2 ([[:?   Shoals:4 (!=   Snake:2 (   Snake:3 *
Snake:4 [   Vaults:1 *   Vaults:4 [(![(   Zot:2 *

Portals:
Hell: Depths:1 Depths:2 Depths:3 Depths:4
Abyss: Depths:2 Depths:3
Pandemonium: Depths:1 Depths:2 Depths:3 Depths:4
Ziggurat: Depths:3
Trove: Depths:3 (show slimy rune of Zot)

Annotations:
D:6 2 runed translucent doors, qw's ghost, novice GrFi
D:9 2 transporters
D:13 1 runed translucent door, qw's ghost, journeyman GrFi
D:14 2 transporters
Lair:1 2 runed translucent doors, qw's ghost, novice GrFi
Lair:5 3 runed translucent doors, qw's ghost, journeyman GrFi
Depths:2 6 runed translucent doors
Depths:3 1 runed translucent door, qw's ghost, veteran GrFi
Zot:2 4 transporters
Zot:3 3 runed translucent doors, Emnejil's ghost, master VSBe; Mikey69's ghost, legendary DsBe; qw's ghost, veteran GrFi; runemage's ghost, legendary GnFi


Message History

The green draconian monk kicks you but does no damage.
The green draconian monk tail-slaps you but does no damage.
You block the green draconian monk's attack.
GONNNNG!
You hear a chilling moan.
You hear a deafening roar!
You hear a roar!
You hear a shout!
You closely miss the purple draconian.
The purple draconian is almost dead.
You slice the golden dragon!! You slice the green draconian monk!!
You block the purple draconian's attack.
GONNNNG!
The golden dragon bites you!! You block the golden dragon's attack.
PTOANNNG!
The golden dragon tramples you!
You hold your ground!
The red draconian hits you but does no damage.
You block the red draconian's attack.
BONNNG!
The green draconian monk hits you but does no damage.
You block the green draconian monk's attack.
SHROANNG!
The green draconian monk tail-slaps you but does no damage. x2
You hear a roar! x2
50036 ||| READING 14 scrolls of teleportation.
As you read the scroll of teleportation, it crumbles to dust.
You feel strangely unstable.
You feel the Orb delaying your translocation!
You block the purple draconian's attack.
GONNNNG!
You block the golden dragon's attack.
PTOANNNG!
You block the golden dragon's attack.
BONNNG!
The golden dragon tramples you but does no damage.
The red draconian closely misses you.
The red draconian hits you but does no damage.
The green draconian monk hits you!! The green draconian monk kicks you.
The green draconian monk tail-slaps you but does no damage.
You block the green draconian monk's attack.
BOUMMMMG!
The purple draconian hits you with a +0 long sword of distortion!!
You die...

#####
####...#
#dq@.<.#
#.yydD)..#
#..ddd#####
..$..##
...## .. }


You could see a green draconian monk (berserk, extremely poisoned), a golden
dragon (berserk, very poisoned), 2 draconians, 2 draconians, a white draconian
and 2 moths of wrath.

Vanquished Creatures
  3 dread liches
  A juggernaut (Depths:1)
  Vashnia (Snake:4)
  A curse toe (Zot:3)
  A caustic shrike (shapeshifter) (Depths:4)
  8 golden dragons
  the Enchantress (Depths:1)
  2 electric golems
  6 tentacled monstrosities
  Rupert (D:15)
  5 liches
  A walking earthen tome (Depths:3)
  2 walking crystal tomes (Depths:1)
  Asterion (Vaults:2)
  A quicksilver dragon (Zot:3)
  7 titans
  5 sphinxes
  A death cob (Zot:4)
  13 shadow dragons
  Kirke (D:13)
  8 storm dragons
  5 draconian monks
  8 tengu reavers
  5 nagarajas
  5 draconian knights
  A fire giant (shapeshifter) (Depths:1)
  3 deep elf sorcerers
  14 fire giants
  11 frost giants
  20 vault wardens
  3 balrugs
  A ghoul (Vaults:3)
  2 draconian annihilators
  An iron dragon (Depths:4)
  Louise (D:14)
  2 draconian scorchers
  A ghost moth (Zot:1)
  2 draconian shifters
  2 orc warlords
  A curse skull (Vaults:3)
  A draconian stormcaller (Zot:1)
  2 angels (WizLab)
  A reaper (Depths:2)
  8 spriggan defenders
  21 ironbound preservers
  5 green draconians
  9 ironbound thunderhulks
  25 very ugly things
  32 stone giants
  8 vampire knights
  6 war gargoyles
  A lorocyproca (Depths:2)
  A spark wasp (shapeshifter) (Vaults:5)
  Nessos (D:13)
  6 purple draconians
  4 white draconians
  13 dire elephants
  12 black draconians
  7 yellow draconians
  3 red draconians
  2 deep elf annihilators (Vaults:5)
  A minotaur (Gauntlet)
  5 merfolk javelineers
  12 merfolk impalers
  15 ettins
  Josephine (D:13)
  2 entropy weavers (shapeshifter)
  5 crystal guardians
  8 fire dragons
  2 entropy weavers
  3 deep elf death magi
  A jiangshi (Vaults:3)
  34 vault guards
  7 rakshasas
  24 yaktaur captains
  8 great orbs of eyes
  7 salamander tyrants
  7 ice dragons
  An ice dragon (shapeshifter) (Depths:2)
  4 spriggan air magi
  3 catoblepae
  Erolcha (D:13)
  An ogre mage (Vaults:5)
  3 death knights
  9 ironbound frosthearts
  A boulder beetle (shapeshifter) (Depths:1)
  25 centaur warriors
  8 peacekeepers
  2 alligator snapping turtles
  5 hydras
  15 anacondas
  4 boulder beetles
  3 merfolk aquamancers
  2 dancing weapons (Zot:1)
  3 two-headed ogres
  A death scarab (Gauntlet)
  3 merfolk avatars
  2 satyrs
  6 deep troll shamans
  7 death yaks
  2 orc high priests
  5 vampire magi
  8 naga warriors
  9 deep troll earth magi
  4 sun demons (Depths:3)
  10 tengu warriors
  A shock serpent (shapeshifter) (Vaults:5)
  9 spriggan berserkers
  4 hell hogs (Depths:3)
  5 soul eaters
  6 shock serpents
  9 hell knights
  9 naga sharpshooters
  Amaemon (Lair:3)
  3 skysharks
  A spectral anaconda (Lair:5)
  14 iron trolls
  7 salamander mystics
  A shadow wraith (Vaults:4)
  5 sixfirhies
  A golden dragon zombie (Depths:2)
  7 skeletal warriors (Depths:2)
  A spriggan rider (Depths:2)
  13 sea snakes
  18 naga ritualists
  8 flayed ghosts
  8 wizards
  4 glowing orange brains
  16 ironbound convokers
  An obsidian statue (Lair:5)
  43 deep trolls
  Pikel (D:9)
  8 necromancers
  11 harpies
  A tengu skeleton (Depths:2)
  8 lindwurms
  5 phantasmal warriors
  32 ugly things
  4 orc knights
  3 deep elf pyromancers
  2 wolf spiders
  18 mana vipers
  A shining eye (shapeshifter) (Depths:1)
  3 orc sorcerers
  13 fauns
  6 cyclopes
  27 salamanders
  8 merfolk sirens
  12 moths of wrath
  15 manticores
  2 dire elephant zombies (Lair:5)
  9 elephants
  Maurice (D:9)
  46 black mambas
  3 guardian serpents (Snake:4)
  10 naga magi
  4 smoke demons
  3 molten gargoyles (WizLab)
  5 water nymphs
  19 vault sentinels
  13 cane toads
  5 gargoyles
  4 unseen horrors
  3 orange demons
  3 torpor snails
  42 yaktaurs
  A rime drake (shapeshifter) (Depths:1)
  5 rime drakes
  3 freezing wraiths
  A komodo dragon (shapeshifter) (Depths:3)
  5 komodo dragons
  2 red devils (Depths:4)
  An ice devil (Depths:2)
  6 tengu conjurers
  8 trolls
  26 merfolk
  A polar bear (Lair:5)
  9 wind drakes
  A hellwing (Depths:4)
  11 snapping turtles
  12 dream sheep
  7 hornets
  A tarantella (shapeshifter) (D:14)
  9 blink frogs
  Grinder (D:3)
  A spectral elephant (Lair:5)
  4 raiju (Zot:1)
  2 snapping turtles (shapeshifter)
  2 tarantellas (Vaults:3)
  6 wraiths
  45 slime creatures
  7 spriggans
  3 ynoxinuls
  17 water elementals
  49 yaks
  A vampire (D:11)
  5 wyverns
  4 shadows
  2 fire elementals (WizLab)
  4 basilisks
  7 hogs (D:13)
  A steam dragon (Lair:4)
  13 vampire mosquitoes
  2 death yak simulacra (Lair:5)
  A chaos spawn (Depths:4)
  A redback (Vaults:3)
  39 nagas
  3 spectral cane toads
  2 wargs (Orc:2)
  6 acid dragons
  Duvessa (D:7)
  9 water moccasins
  3 floating eyes
  A floating eye (shapeshifter) (Depths:1)
  6 black bears
  47 orc warriors
  2 elephant zombies (Lair:5)
  An elephant skeleton (Lair:5)
  A wolf (shapeshifter) (Depths:1)
  6 ogres
  4 boggarts (Vaults:2)
  16 centaurs
  16 wolves
  A phantom (D:4)
  4 lemures (D:9)
  2 kobold brigands
  A gnoll sergeant (D:11)
  12 bullfrogs
  4 earth elementals (WizLab)
  2 cane toad simulacra (Lair:5)
  10 wights
  Dowan (D:7)
  2 elephant simulacra
  4 killer bees
  4 howler monkeys
  3 electric eels
  2 lava snakes (D:10)
  4 jellies
  5 hounds (D:6)
  27 orc priests
  3 gnoll boudas
  Natasha (thrice) (D:4)
  4 iguanas
  26 orc wizards
  7 lightning spires
  2 polar bear simulacra (Lair:4)
  A wolf simulacrum (Lair:4)
  37 gnolls
  10 adders
  4 shadow imps
  2 white imps
  An ufetubus (D:5)
  2 worms
  2 dart slugs
  91 orcs
  6 ball pythons
  8 bats
  10 endoplasms
  6 giant cockroaches
  3 goblins
  7 hobgoblins
  8 jackals
  56 kobolds
  4 quokkas
  5 frilled lizards
  6 rats
  3 spectral weapons
2015 creatures vanquished.

Vanquished Creatures (others)
  A war gargoyle (Vaults:4)
  A vampire knight (Depths:1)
  2 black draconians (Zot:1)
  A fire dragon (Depths:1)
  A merfolk siren (Shoals:2)
  A black mamba (Snake:2)
  A cane toad (Lair:4)
  A merfolk (Shoals:4)
  An orc wizard (D:9)
  5 ball lightnings (Zot:1)
15 creatures vanquished.

Grand Total: 2030 creatures vanquished

Notes
Turn   | Place    | Note
-------+----------+-------------------------------------------
     0 | D:1      | qw the Gargoyle Fighter began the quest for the Orb.
     0 | D:1      | Reached XP level 1. HP: 14/14 MP: 1/1
     0 | D:1      | 0 ||| qw: Version: 0.2-a-107-g4668610
     0 | D:1      | 0 ||| qw: Game counter: 1232
     0 | D:1      | 0 ||| qw: Always use a shield: true
     0 | D:1      | 0 ||| qw: God list: Okawaru
     0 | D:1      | 0 ||| qw: Allow faded altars: false
     0 | D:1      | 0 ||| qw: Do Orc after D:15 true
     0 | D:1      | 0 ||| qw: Do second Lair branch before Depths: true
     0 | D:1      | 0 ||| qw: Lair rune preference: random
     0 | D:1      | 0 ||| qw: Plans: Normal, Zot:1-4, Slime:5, God:TSO, Crypt,
                  | Tomb, Abyss, Pan, Hells, Win
     0 | D:1      | 0 ||| PLANNING D:1-11
   106 | D:1      | 106 ||| Stepping ~*~*~tactically~*~*~ (stealth).
   107 | D:1      | 107 ||| Stepping ~*~*~tactically~*~*~ (stealth).
   119 | D:1      | Reached XP level 2. HP: 17/19 MP: 2/2
   123 | D:1      | 123 ||| Stepping ~*~*~tactically~*~*~ (stealth).
   182 | D:1      | 182 ||| FLEEEEING.
   259 | D:1      | Reached skill level 3 in Axes
   286 | D:1      | Reached XP level 3. HP: 22/23 MP: 3/3
   636 | D:1      | 636 ||| UPGRADING to +0 kite shield.
   646 | D:1      | 646 ||| DROPPING +0 buckler.
   647 | D:1      | 647 ||| READING 3 scrolls labelled TOW MUOSHRILYO.
   648 | D:1      | 648 ||| READING 2 scrolls labelled LANALO RIDDEYHAX.
   649 | D:1      | 649 ||| READING scroll labelled KAAGISI HOGUU.
   650 | D:1      | 650 ||| READING scroll labelled IHISAN PIYFYW.
   651 | D:1      | 651 ||| READING scroll labelled VAOVA XOON.
   652 | D:1      | 652 ||| READING scroll labelled PYV GECROLAOSK.
   653 | D:1      | 653 ||| READING scroll labelled ECHUDOAFICH.
   654 | D:1      | 654 ||| READING 2 scrolls of identify.
   654 | D:1      | 654 ||| IDENTIFYING fuming grey potion
   655 | D:1      | 655 ||| DROPPING scroll of magic mapping.
   683 | D:2      | 683 ||| Stepping ~*~*~tactically~*~*~ (stealth).
   758 | D:2      | 758 ||| Stepping ~*~*~tactically~*~*~ (hiding).
   923 | D:2      | Reached XP level 4. HP: 28/28 MP: 4/4
   990 | D:2      | 990 ||| Stepping ~*~*~tactically~*~*~ (stealth).
  1515 | D:2      | 1515 ||| UPGRADING to +0 plate armour.
  1525 | D:2      | 1525 ||| DROPPING +0 scale mail.
  1526 | D:2      | 1526 ||| UPGRADING to +1 hat.
  1531 | D:2      | 1531 ||| READING scroll of enchant armour.
  1531 | D:2      | 1531 ||| ENCHANTING +1 hat.
  1532 | D:2      | 1532 ||| READING 2 scrolls labelled DYWKIA XARAOWN.
  1537 | D:2      | 1537 ||| READING scroll labelled SOYMUU HISIS.
  1538 | D:2      | 1538 ||| DRINKING 2 orange potions.
  1539 | D:2      | 1539 ||| DRINKING 2 sedimented yellow potions.
  1540 | D:2      | 1540 ||| READING 2 scrolls of identify.
  1540 | D:2      | 1540 ||| IDENTIFYING puce potion
  1578 | D:3      | 1578 ||| STAIRDANCE
  1626 | D:2      | 1626 ||| DRINKING 2 sedimented golden potions.
  1627 | D:2      | 1627 ||| DROPPING potion of brilliance.
  1636 | D:3      | Reached XP level 5. HP: 25/32 MP: 5/5
  1732 | D:3      | You fall into a shaft and drop 3 floors!
  1737 | D:6      | Found a runed translucent door.
  1751 | D:5      | Entered Level 5 of the Dungeon
  1764 | D:5      | HP: 6/32 [gnoll/+0 spear[a gnoll bouda] (4)]
  1765 | D:5      | 1765 ||| READING scroll of teleportation.
  1766 | D:5      | 1766 ||| DRINKING potion of heal wounds.
  1822 | D:5      | 1822 ||| Stepping randomly (stuck).
  1823 | D:5      | 1823 ||| Stepping randomly (stuck).
  1824 | D:5      | 1824 ||| Stepping randomly (stuck).
  1825 | D:5      | 1825 ||| Stepping randomly (stuck).
  1826 | D:5      | 1826 ||| Stepping randomly (stuck).
  1827 | D:5      | 1827 ||| Stepping randomly (stuck).
  1828 | D:5      | 1828 ||| Stepping randomly (stuck).
  1829 | D:5      | 1829 ||| Stepping randomly (stuck).
  1830 | D:5      | 1830 ||| Stepping randomly (stuck).
  1831 | D:5      | 1831 ||| Stepping randomly (stuck).
  1832 | D:5      | 1832 ||| Stepping randomly (stuck).
  1833 | D:5      | 1833 ||| Stepping randomly (stuck).
  1834 | D:5      | 1834 ||| Stepping randomly (stuck).
  1835 | D:5      | 1835 ||| Stepping randomly (stuck).
  1836 | D:5      | 1836 ||| Stepping randomly (stuck).
  1837 | D:5      | 1837 ||| Stepping randomly (stuck).
  1838 | D:5      | 1838 ||| Stepping randomly (stuck).
  1839 | D:5      | 1839 ||| Stepping randomly (stuck).
  1840 | D:5      | 1840 ||| Stepping randomly (stuck).
  1841 | D:5      | 1841 ||| Stepping randomly (stuck).
  1842 | D:5      | 1842 ||| Stepping randomly (stuck).
  1843 | D:5      | 1843 ||| Stepping randomly (stuck).
  1844 | D:5      | 1844 ||| Stepping randomly (stuck).
  1845 | D:5      | 1845 ||| Stepping randomly (stuck).
  1846 | D:5      | 1846 ||| Stepping randomly (stuck).
  1847 | D:5      | 1847 ||| Stepping randomly (stuck).
  1848 | D:5      | 1848 ||| Stepping randomly (stuck).
  1849 | D:5      | 1849 ||| Stepping randomly (stuck).
  1850 | D:5      | 1850 ||| Stepping randomly (stuck).
  1851 | D:5      | 1851 ||| Stepping randomly (stuck).
  1852 | D:5      | 1852 ||| Stepping randomly (stuck).
  1853 | D:5      | 1853 ||| Stepping randomly (stuck).
  1854 | D:5      | 1854 ||| Stepping randomly (stuck).
  1855 | D:5      | 1855 ||| Stepping randomly (stuck).
  1856 | D:5      | 1856 ||| Stepping randomly (stuck).
  1857 | D:5      | 1857 ||| Stepping randomly (stuck).
  1858 | D:5      | 1858 ||| Stepping randomly (stuck).
  1859 | D:5      | 1859 ||| Stepping randomly (stuck).
  1860 | D:5      | 1860 ||| Stepping randomly (stuck).
  1861 | D:5      | 1861 ||| Stepping randomly (stuck).
  1862 | D:5      | 1862 ||| Stepping randomly (stuck).
  1863 | D:5      | 1863 ||| Stepping randomly (stuck).
  1864 | D:5      | 1864 ||| Stepping randomly (stuck).
  1865 | D:5      | 1865 ||| Stepping randomly (stuck).
  1866 | D:5      | 1866 ||| Stepping randomly (stuck).
  1867 | D:5      | 1867 ||| Stepping randomly (stuck).
  1868 | D:5      | 1868 ||| Stepping randomly (stuck).
  1869 | D:5      | 1869 ||| Stepping randomly (stuck).
  1870 | D:5      | 1870 ||| Stepping randomly (stuck).
  1871 | D:5      | 1871 ||| Stepping randomly (stuck).
  1872 | D:5      | 1872 ||| Stepping randomly (stuck).
  1873 | D:5      | 1873 ||| Stepping randomly (stuck).
  1874 | D:5      | 1874 ||| Stepping randomly (stuck).
  1875 | D:5      | 1875 ||| Stepping randomly (stuck).
  1876 | D:5      | 1876 ||| Stepping randomly (stuck).
  1877 | D:5      | 1877 ||| Stepping randomly (stuck).
  1878 | D:5      | 1878 ||| Stepping randomly (stuck).
  1879 | D:5      | 1879 ||| Stepping randomly (stuck).
  1880 | D:5      | 1880 ||| Stepping randomly (stuck).
  1881 | D:5      | 1881 ||| Stepping randomly (stuck).
  1882 | D:5      | 1882 ||| Stepping randomly (stuck).
  1883 | D:5      | 1883 ||| Stepping randomly (stuck).
  1884 | D:5      | 1884 ||| Stepping randomly (stuck).
  1885 | D:5      | 1885 ||| Stepping randomly (stuck).
  1887 | D:5      | 1887 ||| UPGRADING to ring of protection from fire.
  1888 | D:5      | 1888 ||| Stepping randomly (stuck).
  1889 | D:5      | 1889 ||| Stepping randomly (stuck).
  1890 | D:5      | 1890 ||| Stepping randomly (stuck).
  1891 | D:5      | 1891 ||| Stepping randomly (stuck).
  1892 | D:5      | 1892 ||| Stepping randomly (stuck).
  1893 | D:5      | 1893 ||| Stepping randomly (stuck).
  1894 | D:5      | 1894 ||| Stepping randomly (stuck).
  1895 | D:5      | 1895 ||| Stepping randomly (stuck).
  1896 | D:5      | 1896 ||| Stepping randomly (stuck).
  1897 | D:5      | 1897 ||| Stepping randomly (stuck).
  1898 | D:5      | 1898 ||| Stepping randomly (stuck).
  1899 | D:5      | 1899 ||| Stepping randomly (stuck).
  1900 | D:5      | 1900 ||| Stepping randomly (stuck).
  1901 | D:5      | 1901 ||| Stepping randomly (stuck).
  1902 | D:5      | 1902 ||| Stepping randomly (stuck).
  1903 | D:5      | 1903 ||| Stepping randomly (stuck).
  1904 | D:5      | 1904 ||| Stepping randomly (stuck).
  1905 | D:5      | 1905 ||| Stepping randomly (stuck).
  1906 | D:5      | 1906 ||| Stepping randomly (stuck).
  1907 | D:5      | 1907 ||| Stepping randomly (stuck).
  1908 | D:5      | 1908 ||| Stepping randomly (stuck).
  1909 | D:5      | 1909 ||| Stepping randomly (stuck).
  1910 | D:5      | 1910 ||| Stepping randomly (stuck).
  1911 | D:5      | 1911 ||| Stepping randomly (stuck).
  1912 | D:5      | 1912 ||| Stepping randomly (stuck).
  1913 | D:5      | 1913 ||| Stepping randomly (stuck).
  1914 | D:5      | 1914 ||| Stepping randomly (stuck).
  1915 | D:5      | 1915 ||| Stepping randomly (stuck).
  1916 | D:5      | 1916 ||| Stepping randomly (stuck).
  1917 | D:5      | 1917 ||| Stepping randomly (stuck).
  1918 | D:5      | 1918 ||| Stepping randomly (stuck).
  1919 | D:5      | 1919 ||| Stepping randomly (stuck).
  1920 | D:5      | 1920 ||| Stepping randomly (stuck).
  1921 | D:5      | 1921 ||| Stepping randomly (stuck).
  1922 | D:5      | 1922 ||| Stepping randomly (stuck).
  1923 | D:5      | 1923 ||| Stepping randomly (stuck).
  1924 | D:5      | 1924 ||| Stepping randomly (stuck).
  1925 | D:5      | 1925 ||| Stepping randomly (stuck).
  1926 | D:5      | 1926 ||| Stepping randomly (stuck).
  1927 | D:5      | 1927 ||| Stepping randomly (stuck).
  1928 | D:5      | 1928 ||| Stepping randomly (stuck).
  1929 | D:5      | 1929 ||| Stepping randomly (stuck).
  1930 | D:5      | 1930 ||| Stepping randomly (stuck).
  1931 | D:5      | 1931 ||| Stepping randomly (stuck).
  1932 | D:5      | 1932 ||| Stepping randomly (stuck).
  1933 | D:5      | 1933 ||| Stepping randomly (stuck).
  1934 | D:5      | 1934 ||| Stepping randomly (stuck).
  1935 | D:5      | 1935 ||| Stepping randomly (stuck).
  1936 | D:5      | 1936 ||| Stepping randomly (stuck).
  1937 | D:5      | 1937 ||| Stepping randomly (stuck).
  1938 | D:5      | 1938 ||| Stepping randomly (stuck).
  1939 | D:5      | 1939 ||| Stepping randomly (stuck).
  1940 | D:5      | 1940 ||| Stepping randomly (stuck).
  1941 | D:5      | 1941 ||| Stepping randomly (stuck).
  1942 | D:5      | 1942 ||| Stepping randomly (stuck).
  1943 | D:5      | 1943 ||| Stepping randomly (stuck).
  1944 | D:5      | 1944 ||| Stepping randomly (stuck).
  1945 | D:5      | 1945 ||| Stepping randomly (stuck).
  1946 | D:5      | 1946 ||| Stepping randomly (stuck).
  1947 | D:5      | 1947 ||| Stepping randomly (stuck).
  1948 | D:5      | 1948 ||| Stepping randomly (stuck).
  1949 | D:5      | 1949 ||| Stepping randomly (stuck).
  1950 | D:5      | 1950 ||| Stepping randomly (stuck).
  1951 | D:5      | 1951 ||| Stepping randomly (stuck).
  1952 | D:5      | 1952 ||| Stepping randomly (stuck).
  1953 | D:5      | 1953 ||| Stepping randomly (stuck).
  1954 | D:5      | 1954 ||| Stepping randomly (stuck).
  1955 | D:5      | 1955 ||| Stepping randomly (stuck).
  1956 | D:5      | 1956 ||| Stepping randomly (stuck).
  1957 | D:5      | 1957 ||| Stepping randomly (stuck).
  1958 | D:5      | 1958 ||| Stepping randomly (stuck).
  1959 | D:5      | 1959 ||| Stepping randomly (stuck).
  1960 | D:5      | 1960 ||| Stepping randomly (stuck).
  1961 | D:5      | 1961 ||| Stepping randomly (stuck).
  1962 | D:5      | 1962 ||| Stepping randomly (stuck).
  1963 | D:5      | 1963 ||| Stepping randomly (stuck).
  1964 | D:5      | 1964 ||| Stepping randomly (stuck).
  1965 | D:5      | 1965 ||| Stepping randomly (stuck).
  1966 | D:5      | 1966 ||| Stepping randomly (stuck).
  1967 | D:5      | 1967 ||| Stepping randomly (stuck).
  1968 | D:5      | 1968 ||| Stepping randomly (stuck).
  1969 | D:5      | 1969 ||| Stepping randomly (stuck).
  1970 | D:5      | 1970 ||| Stepping randomly (stuck).
  1971 | D:5      | 1971 ||| Stepping randomly (stuck).
  1972 | D:5      | 1972 ||| Stepping randomly (stuck).
  1973 | D:5      | 1973 ||| Stepping randomly (stuck).
  1974 | D:5      | 1974 ||| Stepping randomly (stuck).
  1975 | D:5      | 1975 ||| Stepping randomly (stuck).
  1976 | D:5      | 1976 ||| Stepping randomly (stuck).
  1977 | D:5      | 1977 ||| Stepping randomly (stuck).
  1978 | D:5      | 1978 ||| Stepping randomly (stuck).
  1979 | D:5      | 1979 ||| Stepping randomly (stuck).
  1980 | D:5      | 1980 ||| Stepping randomly (stuck).
  1981 | D:5      | 1981 ||| Stepping randomly (stuck).
  1982 | D:5      | 1982 ||| Stepping randomly (stuck).
  1983 | D:5      | 1983 ||| Stepping randomly (stuck).
  1984 | D:5      | 1984 ||| Stepping randomly (stuck).
  1985 | D:5      | 1985 ||| Stepping randomly (stuck).
  1986 | D:5      | 1986 ||| Stepping randomly (stuck).
  1987 | D:5      | 1987 ||| Stepping randomly (stuck).
  1988 | D:5      | 1988 ||| Stepping randomly (stuck).
  1989 | D:5      | 1989 ||| Stepping randomly (stuck).
  1990 | D:5      | 1990 ||| Stepping randomly (stuck).
  1991 | D:5      | 1991 ||| Stepping randomly (stuck).
  1992 | D:5      | 1992 ||| Stepping randomly (stuck).
  1993 | D:5      | 1993 ||| Stepping randomly (stuck).
  1994 | D:5      | 1994 ||| Stepping randomly (stuck).
  1995 | D:5      | 1995 ||| Stepping randomly (stuck).
  1996 | D:5      | 1996 ||| Stepping randomly (stuck).
  1997 | D:5      | 1997 ||| Stepping randomly (stuck).
  1998 | D:5      | 1998 ||| Stepping randomly (stuck).
  1999 | D:5      | 1999 ||| Stepping randomly (stuck).
  2000 | D:5      | 2000 ||| Stepping randomly (stuck).
  2001 | D:5      | 2001 ||| Stepping randomly (stuck).
  2003 | D:5      | 2003 ||| Stepping randomly (stuck).
  2004 | D:5      | 2004 ||| Stepping randomly (stuck).
  2005 | D:5      | 2005 ||| Stepping randomly (stuck).
  2006 | D:5      | 2006 ||| Stepping randomly (stuck).
  2007 | D:5      | 2007 ||| Stepping randomly (stuck).
  2008 | D:5      | 2008 ||| Stepping randomly (stuck).
  2009 | D:5      | 2009 ||| Stepping randomly (stuck).
  2010 | D:5      | 2010 ||| Stepping randomly (stuck).
  2011 | D:5      | 2011 ||| Stepping randomly (stuck).
  2012 | D:5      | 2012 ||| Stepping randomly (stuck).
  2013 | D:5      | 2013 ||| Stepping randomly (stuck).
  2014 | D:5      | 2014 ||| Stepping randomly (stuck).
  2015 | D:5      | 2015 ||| Stepping randomly (stuck).
  2016 | D:5      | 2016 ||| Stepping randomly (stuck).
  2017 | D:5      | 2017 ||| Stepping randomly (stuck).
  2018 | D:5      | 2018 ||| Stepping randomly (stuck).
  2019 | D:5      | 2019 ||| Stepping randomly (stuck).
  2020 | D:5      | 2020 ||| Stepping randomly (stuck).
  2021 | D:5      | 2021 ||| Stepping randomly (stuck).
  2022 | D:5      | 2022 ||| Stepping randomly (stuck).
  2023 | D:5      | 2023 ||| Stepping randomly (stuck).
  2024 | D:5      | 2024 ||| Stepping randomly (stuck).
  2025 | D:5      | 2025 ||| Stepping randomly (stuck).
  2026 | D:5      | 2026 ||| Stepping randomly (stuck).
  2027 | D:5      | 2027 ||| Stepping randomly (stuck).
  2028 | D:5      | 2028 ||| Stepping randomly (stuck).
  2029 | D:5      | 2029 ||| Stepping randomly (stuck).
  2030 | D:5      | 2030 ||| Stepping randomly (stuck).
  2031 | D:5      | 2031 ||| Stepping randomly (stuck).
  2032 | D:5      | 2032 ||| Stepping randomly (stuck).
  2033 | D:5      | 2033 ||| Stepping randomly (stuck).
  2034 | D:5      | 2034 ||| Stepping randomly (stuck).
  2035 | D:5      | 2035 ||| Stepping randomly (stuck).
  2036 | D:5      | 2036 ||| Stepping randomly (stuck).
  2037 | D:5      | 2037 ||| Stepping randomly (stuck).
  2038 | D:5      | 2038 ||| Stepping randomly (stuck).
  2039 | D:5      | 2039 ||| Stepping randomly (stuck).
  2040 | D:5      | 2040 ||| Stepping randomly (stuck).
  2041 | D:5      | 2041 ||| Stepping randomly (stuck).
  2042 | D:5      | 2042 ||| Stepping randomly (stuck).
  2043 | D:5      | 2043 ||| Stepping randomly (stuck).
  2044 | D:5      | 2044 ||| Stepping randomly (stuck).
  2045 | D:5      | 2045 ||| Stepping randomly (stuck).
  2046 | D:5      | 2046 ||| Stepping randomly (stuck).
  2047 | D:5      | 2047 ||| Stepping randomly (stuck).
  2048 | D:5      | 2048 ||| Stepping randomly (stuck).
  2049 | D:5      | 2049 ||| Stepping randomly (stuck).
  2050 | D:5      | 2050 ||| Stepping randomly (stuck).
  2051 | D:5      | 2051 ||| Stepping randomly (stuck).
  2052 | D:5      | 2052 ||| Stepping randomly (stuck).
  2053 | D:5      | 2053 ||| Stepping randomly (stuck).
  2054 | D:5      | 2054 ||| Stepping randomly (stuck).
  2055 | D:5      | 2055 ||| Stepping randomly (stuck).
  2056 | D:5      | 2056 ||| Stepping randomly (stuck).
  2057 | D:5      | 2057 ||| Stepping randomly (stuck).
  2118 | D:5      | Noticed a black bear
  2128 | D:5      | Killed a black bear
  2129 | D:5      | Reached XP level 6. HP: 31/37 MP: 6/6
  2164 | D:5      | 2164 ||| Stepping ~*~*~tactically~*~*~ (stealth).
  2169 | D:5      | 2169 ||| Stepping ~*~*~tactically~*~*~ (stealth).
  2188 | D:5      | Noticed a water moccasin
  2195 | D:5      | Reached skill level 4 in Fighting
  2213 | D:5      | Killed a water moccasin
  2214 | D:5      | Reached XP level 7. HP: 16/43 MP: 7/7
  2416 | D:4      | 2416 ||| DROPPING +0 club.
  2464 | D:4      | Noticed Natasha
  2475 | D:4      | Killed Natasha
  2512 | D:4      | 2512 ||| DRINKING 2 murky silvery potions.
  2513 | D:4      | 2513 ||| DRINKING 3 clear potions.
  2514 | D:4      | 2514 ||| READING 3 scrolls of identify.
  2514 | D:4      | 2514 ||| IDENTIFYING sedimented blue potion
  2515 | D:4      | 2515 ||| READING 2 scrolls of identify.
  2515 | D:4      | 2515 ||| IDENTIFYING yellow potion
  2516 | D:4      | 2516 ||| DROPPING potion of invisibility.
  2517 | D:4      | 2517 ||| DROPPING 2 potions of flight.
  2518 | D:4      | 2518 ||| DROPPING potion of degeneration.
  2732 | D:3      | 2732 ||| Stepping ~*~*~tactically~*~*~ (hiding).
  2733 | D:3      | 2733 ||| Stepping ~*~*~tactically~*~*~ (hiding).
  2734 | D:3      | 2734 ||| Stepping ~*~*~tactically~*~*~ (hiding).
  2736 | D:3      | 2736 ||| Stepping ~*~*~tactically~*~*~ (hiding).
  2832 | D:3      | Noticed Grinder
  2833 | D:3      | 2833 ||| Stepping ~*~*~tactically~*~*~ (hiding).
  2845 | D:3      | Killed Grinder
  2846 | D:3      | Reached skill level 6 in Axes
  2986 | D:3      | Reached skill level 6 in Shields
  3063 | D:3      | 3063 ||| Stepping ~*~*~tactically~*~*~ (hiding).
  3181 | D:3      | 3181 ||| Stepping ~*~*~tactically~*~*~ (hiding).
  3267 | D:3      | 3267 ||| READING scroll labelled JIEFE DIMIAMEO.
  3277 | D:3      | HP: 10/43 [hobgoblin (3)]
  3278 | D:3      | 3278 ||| READING scroll of teleportation.
  3279 | D:3      | 3279 ||| READING scroll labelled QYDDIO UTIWA.
  3596 | D:3      | 3596 ||| Stepping ~*~*~tactically~*~*~ (hiding).
  3677 | D:3      | 3677 ||| Stepping ~*~*~tactically~*~*~ (stealth).
  3678 | D:3      | 3678 ||| Stepping ~*~*~tactically~*~*~ (stealth).
  3689 | D:3      | 3689 ||| DROPPING +0 whip.
  3957 | D:4      | 3957 ||| Stepping ~*~*~tactically~*~*~ (stealth).
  3958 | D:4      | 3958 ||| Stepping ~*~*~tactically~*~*~ (stealth).
  3959 | D:4      | 3959 ||| Stepping ~*~*~tactically~*~*~ (stealth).
  3960 | D:4      | 3960 ||| Stepping ~*~*~tactically~*~*~ (stealth).
  3963 | D:4      | 3963 ||| Stepping ~*~*~tactically~*~*~ (stealth).
  4021 | D:4      | Reached XP level 8. HP: 45/48 MP: 8/8
  4105 | D:4      | Found Gytt's Distillery.
  4116 | D:4      | 4116 ||| BUYING potion of heal wounds (55 gold).
  4116 | D:4      | Bought a potion of heal wounds for 55 gold pieces
  4116 | D:4      | 4116 ||| BUYING potion of heal wounds (55 gold).
  4116 | D:4      | Bought a potion of heal wounds for 55 gold pieces
  4116 | D:4      | 4116 ||| BUYING potion of heal wounds (55 gold).
  4116 | D:4      | Bought a potion of heal wounds for 55 gold pieces
  4116 | D:4      | 4116 ||| BUYING potion of might (44 gold).
  4116 | D:4      | Bought a potion of might for 44 gold pieces
  4116 | D:4      | 4116 ||| BUYING potion of might (44 gold).
  4116 | D:4      | Bought a potion of might for 44 gold pieces
  4116 | D:4      | 4116 ||| BUYING potion of might (44 gold).
  4116 | D:4      | Bought a potion of might for 44 gold pieces
  4116 | D:4      | 4116 ||| SHOPLISTING potion of mutation (88 gold, have 78).
  4176 | D:4      | Noticed Natasha
  4180 | D:4      | Killed Natasha
  4374 | D:4      | 4374 ||| READING scroll labelled LOXADDOUFA.
  4380 | D:4      | Noticed Natasha
  4394 | D:4      | Killed Natasha
  4420 | D:5      | 4420 ||| Stepping ~*~*~tactically~*~*~ (hiding).
  4432 | D:5      | 4432 ||| FLEEEEING.
  4445 | D:5      | Paralysed by a gnoll for 4 turns
  4456 | D:5      | Paralysed by a gnoll for 4 turns
  4500 | D:5      | Reached skill level 5 in Fighting
  4566 | D:5      | 4566 ||| Stepping ~*~*~tactically~*~*~ (stealth).
  4568 | D:5      | 4568 ||| Stepping ~*~*~tactically~*~*~ (hiding).
  4954 | D:5      | 4954 ||| READING 4 scrolls of identify.
  4954 | D:5      | 4954 ||| IDENTIFYING sedimented emerald potion
  4980 | D:6      | 4980 ||| Stepping ~*~*~tactically~*~*~ (hiding).
  5009 | D:6      | Reached skill level 1 in Dodging
  5034 | D:6      | 5034 ||| Stepping ~*~*~tactically~*~*~ (hiding).
  5073 | D:6      | Noticed qw's ghost (novice GrFi)
  5087 | D:6      | Found a runed translucent door.
  5177 | D:6      | Found a staircase to the Ecumenical Temple.
  5178 | D:6      | 5178 ||| PLANNING TEMPLE
  5186 | Temple   | Entered the Ecumenical Temple
  5394 | Temple   | 5394 ||| PLANNING D:1-11
  5473 | D:6      | HP: 11/49 [gnoll/+0 spear[a gnoll bouda] (7)]
  5474 | D:6      | 5474 ||| DRINKING 4 potions of heal wounds.
  5477 | D:6      | Reached skill level 1 in Throwing
  5555 | D:6      | 5555 ||| Stepping ~*~*~tactically~*~*~ (stealth).
  5556 | D:6      | 5556 ||| Stepping ~*~*~tactically~*~*~ (stealth).
  5621 | D:6      | Reached XP level 9. HP: 53/54 MP: 9/9
  5666 | D:6      | Found an opulent altar of Gozag.
  5668 | D:6      | Found a basalt altar of Yredelemnul.
  5668 | D:6      | Found an iron altar of Okawaru.
  5668 | D:6      | Found a glowing silver altar of Zin.
  5669 | D:6      | 5669 ||| PLANNING OKAWARU WORSHIP
  5669 | D:6      | 5669 ||| DROPPING ring of flight.
  5689 | D:6      | Found a stormy altar of Qazlal.
  5691 | D:6      | Became a worshipper of Warmaster Okawaru
  5691 | D:6      | 5691 ||| PLANNING D:1-11
  5694 | D:6      | Found a hide-covered altar of Uskayaw.
  6082 | D:7      | Identified the scarf of Eternity {harm, Fly Str+3}
  6126 | D:7      | Found a radiant altar of Vehumet.
  6146 | D:7      | Noticed Duvessa
  6147 | D:7      | Noticed Dowan
  6154 | D:7      | Killed Dowan
  6166 | D:7      | Killed Duvessa
  6208 | D:7      | 6208 ||| FLEEEEING.
  6225 | D:7      | HP: 2/54 [orc priest/divine providence (14)]
  6226 | D:7      | 6226 ||| DRINKING 3 potions of heal wounds.
  6229 | D:7      | Reached skill level 6 in Fighting
  6232 | D:7      | HP: 6/55 [centaur/arrow (12)]
  6233 | D:7      | 6233 ||| DRINKING 2 potions of heal wounds.
  6388 | D:7      | Noticed a manticore
  6400 | D:7      | Killed a manticore
  6400 | D:7      | Reached * piety under Okawaru
  6493 | D:7      | 6493 ||| DROPPING +0 flail.
  7079 | D:7      | 7079 ||| UPGRADING to amulet of regeneration.
  7084 | D:7      | 7084 ||| READING scroll labelled VYOR ZA CECY.
  7145 | D:8      | Noticed a two-headed ogre
  7146 | D:8      | 7146 ||| INVOKING Heroism.
  7167 | D:8      | 7167 ||| INVOKING Heroism.
  7175 | D:8      | Killed a two-headed ogre
  7176 | D:8      | Reached skill level 3 in Invocations
  7354 | D:8      | 7354 ||| Stepping ~*~*~tactically~*~*~ (hiding).
  7356 | D:8      | 7356 ||| Stepping ~*~*~tactically~*~*~ (hiding).
  7357 | D:8      | 7357 ||| Stepping ~*~*~tactically~*~*~ (hiding).
  7385 | D:8      | Noticed a two-headed ogre
  7386 | D:8      | 7386 ||| INVOKING Heroism.
  7395 | D:8      | Killed a two-headed ogre
  7395 | D:8      | Reached ** piety under Okawaru
  7396 | D:8      | Reached skill level 9 in Axes
  7396 | D:8      | Reached XP level 10. HP: 46/60 MP: 10/13
  7439 | D:8      | 7439 ||| INVOKING Heroism.
  7668 | D:8      | 7668 ||| INVOKING Heroism.
  8047 | D:8      | 8047 ||| DROPPING +2 heavy flail.
  8059 | D:8      | 8059 ||| UPGRADING to +4 plate armour.
  8069 | D:8      | 8069 ||| DROPPING +0 plate armour.
  8070 | D:8      | 8070 ||| UPGRADING to +6 ring of dexterity.
  8071 | D:8      | 8071 ||| READING 2 scrolls labelled JOFOM PAUN.
  8071 | D:8      | Identified 2 scrolls of acquirement
  8071 | D:8      | 8071 ||| ACQUIRING 642 gold pieces
  8071 | D:8      | Acquired 642 gold pieces
  8072 | D:8      | 8072 ||| READING scroll of acquirement.
  8072 | D:8      | 8072 ||| ACQUIRING +0 heavy broad axe
  8072 | D:8      | Acquired a +0 heavy broad axe
  8074 | D:8      | 8074 ||| SWAPPING to +0 heavy broad axe.
  8075 | D:8      | 8075 ||| DROPPING +1 war axe of protection.
  8076 | D:8      | 8076 ||| READING 5 scrolls of identify.
  8076 | D:8      | 8076 ||| IDENTIFYING emerald potion
  8077 | D:8      | 8077 ||| READING 4 scrolls of identify.
  8077 | D:8      | 8077 ||| IDENTIFYING black potion
  8078 | D:8      | 8078 ||| DROPPING potion of ambrosia.
  8164 | D:9      | 8164 ||| Stepping ~*~*~tactically~*~*~ (stealth).
  8165 | D:9      | Noticed Maurice
  8175 | D:9      | 8175 ||| INVOKING Heroism.
  8178 | D:9      | Reached skill level 7 in Fighting
  8189 | D:9      | Killed Maurice
  8190 | D:9      | Reached skill level 9 in Shields
  8231 | D:9      | 8231 ||| Stepping ~*~*~tactically~*~*~ (stealth).
  8243 | D:9      | 8243 ||| Stepping ~*~*~tactically~*~*~ (stealth).
  8274 | D:9      | 8274 ||| Stepping ~*~*~tactically~*~*~ (hiding).
  8288 | D:9      | 8288 ||| Stepping ~*~*~tactically~*~*~ (stealth).
  8293 | D:9      | Noticed Pikel
  8301 | D:9      | Killed Pikel
  8301 | D:9      | Reached *** piety under Okawaru
  8424 | D:9      | 8424 ||| Stepping ~*~*~tactically~*~*~ (hiding).
  8597 | D:9      | Found a transporter.
  8599 | D:9      | Noticed a green ugly thing
  8600 | D:9      | Noticed a deep elf pyromancer
  8600 | D:9      | Noticed a wolf spider
  8601 | D:9      | Found a sacrificial altar of Ru.
  8602 | D:9      | Found a transporter.
  8602 | D:9      | Noticed a cyclops
  8603 | D:9      | Found a glowing golden altar of the Shining One.
  8611 | D:9      | 8611 ||| Stepping ~*~*~tactically~*~*~ (hiding).
  8613 | D:9      | 8613 ||| Stepping ~*~*~tactically~*~*~ (hiding).
  8786 | D:9      | 8786 ||| Stepping ~*~*~tactically~*~*~ (stealth).
  8790 | D:9      | Reached skill level 6 in Armour
  8790 | D:9      | Reached XP level 11. HP: 67/67 MP: 14/14
  8797 | D:9      | Reached skill level 8 in Fighting
  8944 | D:9      | 8944 ||| INVOKING Heroism.
  8946 | D:9      | 8946 ||| Stepping ~*~*~tactically~*~*~ (hiding).
  9035 | D:9      | 9035 ||| UPGRADING to +0 cloak.
  9040 | D:9      | 9040 ||| READING scroll labelled PAROESCH AKHOVA.
  9141 | D:9      | 9141 ||| DRINKING 2 sedimented red potions.
  9201 | D:10     | Entered Level 10 of the Dungeon
  9233 | D:10     | Noticed an entropy weaver
  9233 | D:10     | Noticed a deep elf pyromancer
  9234 | D:10     | Noticed a centaur warrior
  9234 | D:10     | 9234 ||| Stepping ~*~*~tactically~*~*~ (hiding).
  9237 | D:10     | 9237 ||| Stepping ~*~*~tactically~*~*~ (stealth).
  9241 | D:10     | 9241 ||| INVOKING Heroism.
  9244 | D:10     | Killed a centaur warrior
  9245 | D:10     | Reached skill level 3 in Throwing
  9245 | D:10     | Noticed a deep elf pyromancer
  9245 | D:10     | Killed an entropy weaver
  9250 | D:10     | Reached **** piety under Okawaru
  9250 | D:10     | HP: 10/68 [orc priest/divine providence (16)]
  9251 | D:10     | 9251 ||| READING scroll of teleportation.
  9252 | D:10     | 9252 ||| DRINKING 2 potions of heal wounds.
  9261 | D:10     | 9261 ||| Stepping ~*~*~tactically~*~*~ (stealth).
  9269 | D:10     | 9269 ||| Stepping ~*~*~tactically~*~*~ (hiding).
  9270 | D:10     | 9270 ||| Stepping ~*~*~tactically~*~*~ (hiding).
  9272 | D:10     | 9272 ||| Stepping ~*~*~tactically~*~*~ (hiding).
  9273 | D:10     | 9273 ||| Stepping ~*~*~tactically~*~*~ (hiding).
  9274 | D:10     | 9274 ||| Stepping ~*~*~tactically~*~*~ (hiding).
  9282 | D:10     | Killed a deep elf pyromancer
  9293 | D:10     | 9293 ||| INVOKING Heroism.
  9294 | D:10     | Killed a deep elf pyromancer
  9394 | D:10     | Received a gift from Okawaru
  9395 | D:10     | Reached skill level 6 in Invocations
  9423 | D:10     | Identified the +9 shortbow of the Hidden Xeniums {drain,
                  | rC++ rN+ Str+6}
  9443 | D:10     | 9443 ||| Stepping ~*~*~tactically~*~*~ (stealth).
  9508 | D:10     | 9508 ||| INVOKING Heroism.
  9546 | D:10     | 9546 ||| Stepping ~*~*~tactically~*~*~ (hiding).
  9934 | D:11     | 9934 ||| INVOKING Heroism.
 10032 | D:11     | 10032 ||| INVOKING Heroism.
 10078 | D:11     | Found a white marble altar of Elyvilon.
 10080 | D:11     | 10080 ||| Stepping ~*~*~tactically~*~*~ (stealth).
 10234 | D:11     | 10234 ||| Stepping randomly (disturbance).
 10238 | D:11     | 10238 ||| Stepping randomly (disturbance).
 10274 | D:11     | Identified the ring "Ybrank" {rElec rPois rC+ rCorr Int+3}
 10322 | D:11     | 10322 ||| Stepping ~*~*~tactically~*~*~ (stealth).
 10326 | D:11     | Reached XP level 12. HP: 73/73 MP: 17/17
 10333 | D:11     | Received a gift from Okawaru
 10341 | D:11     | Found a staircase to the Lair.
 10555 | D:11     | 10555 ||| PLANNING LAIR
 10555 | D:11     | 10555 ||| UPGRADING to ring of see invisible.
 10557 | D:11     | 10557 ||| UPGRADING to ring "Ybrank" {rElec rPois rC+ rCorr
                  | Int+3}.
 10559 | D:11     | 10559 ||| READING scroll labelled FAUKEM ZEGI.
 10570 | Lair:1   | Entered Level 1 of the Lair of Beasts
 10624 | Lair:1   | 10624 ||| INVOKING Heroism.
 10632 | Lair:1   | Reached ***** piety under Okawaru
 10635 | Lair:1   | Reached skill level 9 in Invocations
 10636 | Lair:1   | Reached skill level 9 in Fighting
 10839 | Lair:1   | 10839 ||| READING scroll of enchant armour.
 10839 | Lair:1   | 10839 ||| ENCHANTING +0 cloak.
 10940 | Lair:1   | Found a large runed translucent door.
 10944 | Lair:1   | Found a large runed translucent door.
 10945 | Lair:1   | Noticed qw's ghost (novice GrFi)
 10954 | Lair:1   | 10954 ||| INVOKING Heroism.
 10954 | Lair:1   | Noticed a boulder beetle
 10955 | Lair:1   | 10955 ||| INVOKING Finesse.
 10975 | Lair:1   | Killed a boulder beetle
 11024 | Lair:1   | Noticed a catoblepas
 11025 | Lair:1   | 11025 ||| INVOKING Heroism.
 11030 | Lair:1   | Killed a catoblepas
 11082 | Lair:1   | 11082 ||| INVOKING Heroism.
 11139 | Lair:1   | Reached skill level 12 in Axes
 11141 | Lair:1   | 11141 ||| INVOKING Heroism.
 11544 | Lair:1   | 11544 ||| UPGRADING to +0 pair of gloves.
 11566 | Lair:2   | 11566 ||| PLANNING GAUNTLET
 11626 | Lair:2   | 11626 ||| Stepping ~*~*~tactically~*~*~ (stealth).
 11627 | Lair:2   | 11627 ||| Stepping ~*~*~tactically~*~*~ (stealth).
 11651 | Lair:2   | Found a gate leading to a gauntlet.
 11661 | Gauntlet | Entered a Gauntlet
 11661 | Gauntlet | Noticed a tengu warrior
 11661 | Gauntlet | Found a transporter.
 11661 | Gauntlet | Found a transporter.
 11661 | Gauntlet | Found a transporter.
 11671 | Gauntlet | Found a transporter.
 11674 | Gauntlet | Found a transporter.
 11680 | Gauntlet | Found a runed translucent gate.
 11682 | Gauntlet | Found a runed translucent gate.
 11682 | Gauntlet | Found a transporter.
 11683 | Gauntlet | Found a runed translucent gate.
 11685 | Gauntlet | Found a transporter.
 11693 | Gauntlet | Found a transporter.
 11711 | Gauntlet | Found a transporter.
 11717 | Gauntlet | Found a transporter.
 11719 | Gauntlet | Found a transporter.
 11719 | Gauntlet | Noticed a death scarab
 11730 | Gauntlet | Found a transporter.
 11842 | Gauntlet | Killed a tengu warrior
 11842 | Gauntlet | Received a gift from Okawaru
 11875 | Gauntlet | 11875 ||| Stepping randomly (stuck).
 11876 | Gauntlet | 11876 ||| Stepping randomly (stuck).
 11877 | Gauntlet | 11877 ||| INVOKING Heroism.
 11883 | Gauntlet | Killed a death scarab
 11884 | Gauntlet | Reached XP level 13. HP: 66/80 MP: 18/20
 12007 | Gauntlet | Reached skill level 9 in Armour
 12022 | Gauntlet | 12022 ||| READING scroll of enchant armour.
 12022 | Gauntlet | 12022 ||| ENCHANTING +0 pair of gloves.
 12023 | Gauntlet | 12023 ||| DROPPING scarf of harm.
 12053 | Gauntlet | Identified the +7 battleaxe of Dejim {heavy, rF+}
 12053 | Gauntlet | Identified the ring of Vausisk {rPois Dex+6}
 12053 | Gauntlet | Noticed a minotaur
 12054 | Gauntlet | 12054 ||| INVOKING Heroism.
 12055 | Gauntlet | 12055 ||| INVOKING Finesse.
 12062 | Gauntlet | Killed a minotaur
 12101 | Gauntlet | Identified the +0 cloak of Death's Door {Int+6 Dex+2}
 12104 | Gauntlet | Identified the +0 ring mail "Werafuk" {rC++}
 12107 | Gauntlet | Identified the ring of the Lily {Ice Stlth+}
 12121 | Gauntlet | 12121 ||| DROPPING +0 cloak of Death's Door {Int+6 Dex+2}.
 12122 | Gauntlet | 12122 ||| UPGRADING to +1 helmet of intelligence.
 12132 | Gauntlet | 12132 ||| DROPPING +2 hat.
 12133 | Gauntlet | 12133 ||| DROPPING +2 hat of intelligence.
 12134 | Gauntlet | 12134 ||| DROPPING ring of ice.
 12150 | Lair:2   | 12150 ||| PLANNING LAIR
 12182 | Lair:2   | Found a staircase to the Snake Pit.
 12185 | Lair:2   | 12185 ||| Stepping ~*~*~tactically~*~*~ (hiding).
 12186 | Lair:2   | 12186 ||| Stepping ~*~*~tactically~*~*~ (hiding).
 12200 | Lair:2   | 12200 ||| INVOKING Heroism.
 12270 | Lair:2   | 12270 ||| Stepping ~*~*~tactically~*~*~ (stealth).
 12275 | Lair:2   | Reached skill level 10 in Fighting
 12322 | Lair:2   | 12322 ||| INVOKING Heroism.
 12324 | Lair:2   | Received a gift from Okawaru
 12520 | Lair:2   | 12520 ||| Stepping ~*~*~tactically~*~*~ (stealth).
 12524 | Lair:2   | 12524 ||| INVOKING Heroism.
 13207 | Lair:3   | 13207 ||| INVOKING Heroism.
 13208 | Lair:3   | 13208 ||| INVOKING Finesse.
 13212 | Lair:3   | 13212 ||| SWAPPING to +0 morningstar.
 13217 | Lair:3   | 13217 ||| SWAPPING to +0 heavy broad axe.
 13292 | Lair:3   | Noticed Amaemon
 13293 | Lair:3   | 13293 ||| INVOKING Heroism.
 13316 | Lair:3   | Killed Amaemon
 13426 | Lair:3   | 13426 ||| DROPPING +0 morningstar.
 13574 | Lair:3   | Found a staircase to the Shoals.
 13733 | Lair:4   | 13733 ||| INVOKING Heroism.
 13743 | Lair:4   | 13743 ||| INVOKING Finesse.
 13752 | Lair:4   | 13752 ||| SWAPPING to -2 demon whip of venom.
 13759 | Lair:4   | 13759 ||| SWAPPING to +0 heavy broad axe.
 13873 | Lair:4   | 13873 ||| INVOKING Heroism.
 13934 | Lair:4   | 13934 ||| INVOKING Heroism.
 13946 | Lair:4   | Identified the +12 crystal plate armour of the Jackalope
                  | {Will++ Int+2 SInv} (Okawaru gifted it to you on level 4 of
                  | the Lair of Beasts)
 13946 | Lair:4   | Received a gift from Okawaru
 13949 | Lair:4   | 13949 ||| INVOKING Finesse.
 13958 | Lair:4   | Gained mutation: Your large and strong wings let you fly.
                  | [Gargoyle growth]
 13958 | Lair:4   | Reached XP level 14. HP: 30/88 MP: 16/21
 14271 | Lair:4   | Found a frozen archway.
 14375 | Lair:4   | 14375 ||| READING scroll of enchant weapon.
 14375 | Lair:4   | 14375 ||| ENCHANTING +0 heavy broad axe.
 14699 | Lair:4   | 14699 ||| DROPPING +0 acid dragon scales.
 14700 | Lair:4   | 14700 ||| DROPPING scarf of Eternity {harm, Fly Str+3}.
 14701 | Lair:4   | 14701 ||| UPGRADING to +12 crystal plate armour of the
                  | Jackalope {Will++ Int+2 SInv}.
 14711 | Lair:4   | 14711 ||| REMOVING ring of see invisible.
 14712 | Lair:4   | 14712 ||| DROPPING +4 plate armour.
 14713 | Lair:4   | 14713 ||| UPGRADING to +6 ring of dexterity.
 14714 | Lair:4   | 14714 ||| UPGRADING to ring of protection from fire.
 14716 | Lair:4   | 14716 ||| READING scroll labelled GAALER CIRAIFA.
 14723 | Lair:5   | Entered Level 5 of the Lair of Beasts
 14790 | Lair:5   | Found a runed translucent gate.
 14790 | Lair:5   | Found a runed translucent gate.
 14790 | Lair:5   | Found a runed translucent gate.
 14791 | Lair:5   | Noticed qw's ghost (journeyman GrFi)
 14822 | Lair:5   | 14822 ||| Stepping ~*~*~tactically~*~*~ (stealth).
 14829 | Lair:5   | 14829 ||| INVOKING Heroism.
 14863 | Lair:5   | Found a hide-covered altar of Uskayaw.
 14873 | Lair:5   | 14873 ||| FLEEEEING.
 14874 | Lair:5   | 14874 ||| FLEEEEING.
 14875 | Lair:5   | 14875 ||| FLEEEEING.
 14876 | Lair:5   | 14876 ||| FLEEEEING.
 14877 | Lair:5   | 14877 ||| FLEEEEING.
 14878 | Lair:5   | 14878 ||| FLEEEEING.
 14879 | Lair:5   | 14879 ||| FLEEEEING.
 14880 | Lair:5   | 14880 ||| FLEEEEING.
 14882 | Lair:5   | 14882 ||| FLEEEEING.
 14883 | Lair:5   | 14883 ||| FLEEEEING.
 14884 | Lair:5   | 14884 ||| FLEEEEING.
 14885 | Lair:5   | 14885 ||| FLEEEEING.
 14886 | Lair:5   | 14886 ||| FLEEEEING.
 14887 | Lair:5   | 14887 ||| FLEEEEING.
 14888 | Lair:5   | 14888 ||| FLEEEEING.
 14889 | Lair:5   | 14889 ||| INVOKING Heroism.
 14939 | Lair:5   | 14939 ||| Stepping ~*~*~tactically~*~*~ (stealth).
 14941 | Lair:5   | 14941 ||| Stepping ~*~*~tactically~*~*~ (stealth).
 14981 | Lair:5   | 14981 ||| READING scroll of brand weapon.
 14981 | Lair:5   | 14981 ||| BRANDING +1 heavy broad axe.
 15053 | Lair:5   | 15053 ||| INVOKING Heroism.
 15057 | Lair:5   | 15057 ||| SWAPPING to -2 demon whip of venom.
 15063 | Lair:5   | 15063 ||| SWAPPING to +1 broad axe of protection.
 15195 | Lair:5   | Noticed a dire elephant
 15195 | Lair:5   | Noticed a dire elephant
 15196 | Lair:5   | 15196 ||| INVOKING Heroism.
 15224 | Lair:5   | Killed a dire elephant
 15326 | Lair:5   | 15326 ||| INVOKING Heroism.
 15333 | Lair:5   | Killed a dire elephant
 15339 | Lair:5   | Reached skill level 12 in Armour
 15375 | Lair:5   | 15375 ||| INVOKING Heroism.
 15542 | Lair:5   | 15542 ||| INVOKING Heroism.
 15615 | Lair:5   | Noticed a dire elephant
 15615 | Lair:5   | 15615 ||| Stepping ~*~*~tactically~*~*~ (stealth).
 15618 | Lair:5   | 15618 ||| INVOKING Heroism.
 15633 | Lair:5   | Killed a dire elephant
 15652 | Lair:5   | 15652 ||| FLEEEEING.
 15654 | Lair:5   | 15654 ||| FLEEEEING.
 15655 | Lair:5   | 15655 ||| FLEEEEING.
 15656 | Lair:5   | 15656 ||| FLEEEEING.
 15657 | Lair:5   | 15657 ||| FLEEEEING.
 15658 | Lair:5   | 15658 ||| FLEEEEING.
 15659 | Lair:5   | 15659 ||| FLEEEEING.
 15661 | Lair:5   | 15661 ||| FLEEEEING.
 15662 | Lair:5   | 15662 ||| FLEEEEING.
 15663 | Lair:5   | 15663 ||| FLEEEEING.
 15664 | Lair:5   | 15664 ||| FLEEEEING.
 15705 | Lair:5   | 15705 ||| INVOKING Heroism.
 15724 | Lair:5   | 15724 ||| FLEEEEING.
 15941 | Lair:5   | Found a viscous altar of Jiyva.
 15941 | Lair:5   | Found a staircase to the Slime Pits.
 15962 | Lair:5   | 15962 ||| Stepping ~*~*~tactically~*~*~ (stealth).
 15968 | Lair:5   | 15968 ||| Stepping ~*~*~tactically~*~*~ (stealth).
 15999 | Lair:5   | 15999 ||| INVOKING Heroism.
 16005 | Lair:5   | 16005 ||| SWAPPING to -2 demon whip of venom.
 16009 | Lair:5   | Reached skill level 11 in Fighting
 16009 | Lair:5   | 16009 ||| SWAPPING to +1 broad axe of protection.
 16032 | Lair:5   | 16032 ||| INVOKING Heroism.
 16033 | Lair:5   | 16033 ||| Stepping ~*~*~tactically~*~*~ (stealth).
 16034 | Lair:5   | 16034 ||| Stepping ~*~*~tactically~*~*~ (stealth).
 16035 | Lair:5   | 16035 ||| Stepping ~*~*~tactically~*~*~ (stealth).
 16036 | Lair:5   | 16036 ||| Stepping ~*~*~tactically~*~*~ (stealth).
 16042 | Lair:5   | 16042 ||| Stepping ~*~*~tactically~*~*~ (stealth).
 16043 | Lair:5   | 16043 ||| Stepping ~*~*~tactically~*~*~ (stealth).
 16401 | Lair:5   | 16401 ||| PLANNING D
 16575 | D:12     | 16575 ||| STAIRDANCE
 16577 | D:11     | 16577 ||| INVOKING Heroism.
 16620 | D:12     | Reached skill level 12 in Shields
 16655 | D:12     | 16655 ||| INVOKING Heroism.
 16700 | D:12     | 16700 ||| Stepping ~*~*~tactically~*~*~ (stealth).
 16702 | D:12     | 16702 ||| Stepping ~*~*~tactically~*~*~ (stealth).
 16704 | D:12     | 16704 ||| Stepping ~*~*~tactically~*~*~ (stealth).
 16706 | D:12     | 16706 ||| Stepping ~*~*~tactically~*~*~ (stealth).
 16717 | D:12     | Found Fiekhl Saam's Armour Shop.
 16719 | D:12     | Found a staircase to the Orcish Mines.
 16778 | D:12     | 16778 ||| Stepping ~*~*~tactically~*~*~ (hiding).
 16779 | D:12     | 16779 ||| Stepping ~*~*~tactically~*~*~ (hiding).
 16796 | D:12     | 16796 ||| Stepping ~*~*~tactically~*~*~ (hiding).
 16800 | D:12     | 16800 ||| Stepping ~*~*~tactically~*~*~ (hiding).
 16931 | D:12     | Found Oriptej's Book Emporium.
 17093 | D:12     | Identified the +6 scale mail of Recklessness {SInv}
 17411 | D:13     | Noticed Erolcha
 17412 | D:13     | 17412 ||| INVOKING Heroism.
 17422 | D:13     | Reached XP level 15. HP: 83/94 MP: 20/22
 17425 | D:13     | Killed Erolcha
 17439 | D:13     | 17439 ||| Stepping ~*~*~tactically~*~*~ (stealth).
 17443 | D:13     | Noticed Josephine
 17444 | D:13     | 17444 ||| Stepping ~*~*~tactically~*~*~ (hiding).
 17462 | D:13     | Killed Josephine
 17544 | D:13     | Noticed Nessos
 17545 | D:13     | 17545 ||| Stepping ~*~*~tactically~*~*~ (hiding).
 17546 | D:13     | 17546 ||| Stepping ~*~*~tactically~*~*~ (hiding).
 17547 | D:13     | 17547 ||| Stepping ~*~*~tactically~*~*~ (hiding).
 17548 | D:13     | 17548 ||| INVOKING Finesse.
 17587 | D:13     | 17587 ||| INVOKING Heroism.
 17593 | D:13     | Killed Nessos
 17650 | D:13     | 17650 ||| Stepping ~*~*~tactically~*~*~ (stealth).
 17678 | D:13     | 17678 ||| Stepping ~*~*~tactically~*~*~ (stealth).
 17680 | D:13     | 17680 ||| Stepping ~*~*~tactically~*~*~ (stealth).
 17690 | D:13     | Reached skill level 15 in Axes
 17731 | D:13     | Found a gate to the Vaults.
 17789 | D:13     | 17789 ||| Stepping ~*~*~tactically~*~*~ (hiding).
 17834 | D:13     | Noticed Kirke
 17835 | D:13     | 17835 ||| INVOKING Heroism.
 17836 | D:13     | 17836 ||| INVOKING Finesse.
 17859 | D:13     | Killed Kirke
 18038 | D:13     | 18038 ||| Stepping ~*~*~tactically~*~*~ (stealth).
 18040 | D:13     | 18040 ||| Stepping ~*~*~tactically~*~*~ (stealth).
 18049 | D:13     | 18049 ||| INVOKING Heroism.
 18067 | D:13     | 18067 ||| Stepping ~*~*~tactically~*~*~ (stealth).
 18069 | D:13     | 18069 ||| Stepping ~*~*~tactically~*~*~ (hiding).
 18070 | D:13     | 18070 ||| Stepping ~*~*~tactically~*~*~ (hiding).
 18071 | D:13     | 18071 ||| Stepping ~*~*~tactically~*~*~ (hiding).
 18106 | D:13     | Found a runed translucent door.
 18106 | D:13     | Noticed qw's ghost (journeyman GrFi)
 18390 | D:14     | Found a transporter.
 18390 | D:14     | Found a transporter.
 18495 | D:14     | Found Reproega's Magic Scroll Boutique.
 18510 | D:14     | Received a gift from Okawaru
 18542 | D:14     | 18542 ||| BUYING scroll of enchant armour (112 gold).
 18542 | D:14     | Bought a scroll of enchant armour for 112 gold pieces
 18542 | D:14     | 18542 ||| BUYING scroll of teleportation (45 gold).
 18542 | D:14     | Bought a scroll of teleportation for 45 gold pieces
 18542 | D:14     | 18542 ||| READING scroll of enchant armour.
 18542 | D:14     | 18542 ||| ENCHANTING +1 pair of gloves.
 18644 | D:14     | Noticed Louise
 18645 | D:14     | 18645 ||| INVOKING Heroism.
 18646 | D:14     | 18646 ||| INVOKING Finesse.
 18675 | D:14     | Killed Louise
 18675 | D:14     | Received a gift from Okawaru
 18676 | D:14     | Reached skill level 12 in Fighting
 18742 | D:14     | 18742 ||| Stepping ~*~*~tactically~*~*~ (stealth).
 18758 | D:14     | Found Reanooha's Distillery.
 18770 | D:14     | 18770 ||| BUYING 2 potions of haste (360 gold).
 18770 | D:14     | Bought 2 potions of haste for 360 gold pieces
 18770 | D:14     | 18770 ||| BUYING potion of curing (54 gold).
 18770 | D:14     | Bought a potion of curing for 54 gold pieces
 18770 | D:14     | 18770 ||| BUYING potion of curing (54 gold).
 18770 | D:14     | Bought a potion of curing for 54 gold pieces
 18770 | D:14     | 18770 ||| BUYING potion of heal wounds (90 gold).
 18770 | D:14     | Bought a potion of heal wounds for 90 gold pieces
 18770 | D:14     | 18770 ||| BUYING potion of heal wounds (90 gold).
 18770 | D:14     | Bought a potion of heal wounds for 90 gold pieces
 18770 | D:14     | 18770 ||| BUYING potion of heal wounds (90 gold).
 18770 | D:14     | Bought a potion of heal wounds for 90 gold pieces
 18770 | D:14     | 18770 ||| BUYING potion of might (72 gold).
 18770 | D:14     | Bought a potion of might for 72 gold pieces
 18916 | D:14     | 18916 ||| Stepping ~*~*~tactically~*~*~ (hiding).
 18917 | D:14     | 18917 ||| Stepping ~*~*~tactically~*~*~ (hiding).
 18919 | D:14     | 18919 ||| Stepping ~*~*~tactically~*~*~ (hiding).
 19042 | D:14     | 19042 ||| UPGRADING to +0 tower shield.
 19052 | D:14     | 19052 ||| DROPPING +0 kite shield.
 19053 | D:14     | 19053 ||| DROPPING ring of magical power.
 19063 | D:15     | Entered Level 15 of the Dungeon
 19128 | D:15     | 19128 ||| INVOKING Heroism.
 19130 | D:15     | 19130 ||| SWAPPING to -2 demon whip of venom.
 19141 | D:15     | 19141 ||| SWAPPING to +1 broad axe of protection.
 19224 | D:15     | 19224 ||| Stepping ~*~*~tactically~*~*~ (hiding).
 19247 | D:15     | 19247 ||| Stepping ~*~*~tactically~*~*~ (stealth).
 19249 | D:15     | 19249 ||| Stepping ~*~*~tactically~*~*~ (stealth).
 19266 | D:15     | Noticed a fire giant
 19273 | D:15     | Found a staircase to the Depths.
 19282 | D:15     | 19282 ||| INVOKING Heroism.
 19289 | D:15     | Killed a fire giant
 19322 | D:15     | Identified the +6 rapier of the Sharing Badger {protect,
                  | *Noise Dex+7}
 19381 | D:15     | 19381 ||| INVOKING Heroism.
 19484 | D:15     | 19484 ||| Stepping ~*~*~tactically~*~*~ (hiding).
 19485 | D:15     | 19485 ||| Stepping ~*~*~tactically~*~*~ (hiding).
 19487 | D:15     | 19487 ||| Stepping ~*~*~tactically~*~*~ (hiding).
 19488 | D:15     | 19488 ||| Stepping ~*~*~tactically~*~*~ (hiding).
 19489 | D:15     | 19489 ||| Stepping ~*~*~tactically~*~*~ (hiding).
 19589 | D:15     | Noticed Rupert
 19590 | D:15     | 19590 ||| INVOKING Heroism.
 19611 | D:15     | Killed Rupert
 19652 | D:15     | 19652 ||| Stepping ~*~*~tactically~*~*~ (hiding).
 19657 | D:15     | 19657 ||| FLEEEEING.
 19658 | D:15     | 19658 ||| Stepping ~*~*~tactically~*~*~ (hiding).
 19689 | D:15     | 19689 ||| READING 14 scrolls of identify.
 19689 | D:15     | 19689 ||| IDENTIFYING green potion
 19690 | D:15     | 19690 ||| DROPPING potion of berserk rage.
 19703 | D:15     | 19703 ||| INVOKING Heroism.
 19880 | D:15     | Found the +18 shield of the Gong {Loud rN+ Will+ rCorr
                  | EV-5}
 20105 | D:15     | 20105 ||| PLANNING ORC
 20105 | D:15     | 20105 ||| UPGRADING to +18 shield of the Gong {Loud rN+
                  | Will+ rCorr EV-5}.
 20115 | D:15     | 20115 ||| DROPPING +0 tower shield.
 20204 | Orc:1    | Entered Level 1 of the Orcish Mines
 20234 | Orc:1    | 20234 ||| FLEEEEING.
 20235 | Orc:1    | 20235 ||| FLEEEEING.
 20236 | Orc:1    | 20236 ||| FLEEEEING.
 20237 | Orc:1    | 20237 ||| FLEEEEING.
 20238 | Orc:1    | 20238 ||| FLEEEEING.
 20239 | Orc:1    | 20239 ||| FLEEEEING.
 20240 | Orc:1    | 20240 ||| FLEEEEING.
 20241 | Orc:1    | 20241 ||| FLEEEEING.
 20242 | Orc:1    | 20242 ||| FLEEEEING.
 20243 | Orc:1    | 20243 ||| FLEEEEING.
 20244 | Orc:1    | 20244 ||| STAIRDANCE
 20293 | Orc:1    | 20293 ||| Stepping ~*~*~tactically~*~*~ (hiding).
 20303 | Orc:1    | 20303 ||| Stepping ~*~*~tactically~*~*~ (hiding).
 20353 | Orc:1    | Noticed an orc warlord
 20354 | Orc:1    | 20354 ||| INVOKING Heroism.
 20371 | Orc:1    | Killed an orc warlord
 20371 | Orc:1    | Received a gift from Okawaru
 20407 | Orc:1    | 20407 ||| INVOKING Heroism.
 20451 | Orc:1    | 20451 ||| Stepping ~*~*~tactically~*~*~ (hiding).
 20459 | Orc:1    | 20459 ||| Stepping ~*~*~tactically~*~*~ (hiding).
 20465 | Orc:1    | 20465 ||| INVOKING Heroism.
 20553 | Orc:1    | 20553 ||| INVOKING Heroism.
 20557 | Orc:1    | Reached XP level 16. HP: 43/101 MP: 20/23
 20561 | Orc:1    | HP: 21/101 [orc priest/divine providence (12)]
 20562 | Orc:1    | 20562 ||| READING 4 scrolls of teleportation.
 20563 | Orc:1    | 20563 ||| DRINKING 6 potions of heal wounds.
 20572 | Orc:1    | Reached skill level 6 in Throwing
 20842 | Orc:1    | Found a dark tunnel.
 21148 | Orc:2    | Entered Level 2 of the Orcish Mines
 21151 | Orc:2    | 21151 ||| STAIRDANCE
 21165 | Orc:2    | 21165 ||| INVOKING Heroism.
 21215 | Orc:2    | Found a staircase to the Elven Halls.
 21216 | Orc:2    | 21216 ||| INVOKING Heroism.
 21344 | Orc:2    | 21344 ||| Stepping ~*~*~tactically~*~*~ (stealth).
 21371 | Orc:2    | 21371 ||| INVOKING Heroism.
 21442 | Orc:2    | 21442 ||| Stepping ~*~*~tactically~*~*~ (hiding).
 21444 | Orc:2    | 21444 ||| Stepping ~*~*~tactically~*~*~ (hiding).
 21445 | Orc:2    | 21445 ||| Stepping ~*~*~tactically~*~*~ (hiding).
 21453 | Orc:2    | Received a gift from Okawaru
 21577 | Orc:2    | Found Demaoz's Self-Improvement Boutique.
 21616 | Orc:2    | 21616 ||| INVOKING Heroism.
 21897 | Orc:2    | 21897 ||| INVOKING Heroism.
 21907 | Orc:2    | Found Unay's Antique Armour Shoppe.
 21999 | Orc:2    | Found Dybb's Antique Armour Shoppe.
 22006 | Orc:2    | Found Listit's Antique Weapon Emporium.
 22012 | Orc:2    | 22012 ||| BUYING shiny helmet (172 gold).
 22012 | Orc:2    | Bought a shiny helmet for 172 gold pieces
 22076 | Orc:2    | 22076 ||| Stepping ~*~*~tactically~*~*~ (hiding).
 22077 | Orc:2    | 22077 ||| Stepping ~*~*~tactically~*~*~ (hiding).
 22095 | Orc:2    | 22095 ||| Stepping ~*~*~tactically~*~*~ (stealth).
 22156 | Orc:2    | Found Fommi's Magic Scroll Emporium.
 22161 | Orc:2    | 22161 ||| BUYING scroll of enchant armour (120 gold).
 22161 | Orc:2    | Bought a scroll of enchant armour for 120 gold pieces
 22161 | Orc:2    | 22161 ||| BUYING scroll of enchant armour (120 gold).
 22161 | Orc:2    | Bought a scroll of enchant armour for 120 gold pieces
 22161 | Orc:2    | 22161 ||| BUYING scroll of enchant weapon (120 gold).
 22161 | Orc:2    | Bought a scroll of enchant weapon for 120 gold pieces
 22161 | Orc:2    | 22161 ||| BUYING scroll of teleportation (48 gold).
 22161 | Orc:2    | Bought a scroll of teleportation for 48 gold pieces
 22161 | Orc:2    | 22161 ||| READING 2 scrolls of enchant armour.
 22161 | Orc:2    | 22161 ||| ENCHANTING +1 helmet of intelligence.
 22162 | Orc:2    | 22162 ||| READING scroll of enchant armour.
 22162 | Orc:2    | 22162 ||| ENCHANTING +1 cloak.
 22163 | Orc:2    | 22163 ||| READING scroll of enchant weapon.
 22163 | Orc:2    | 22163 ||| ENCHANTING +1 broad axe of protection.
 22164 | Orc:2    | 22164 ||| PLANNING SNAKE:1-3
 22164 | Orc:2    | 22164 ||| DROPPING +2 helmet.
 22360 | Snake:1  | Entered Level 1 of the Snake Pit
 22382 | Snake:1  | 22382 ||| Stepping ~*~*~tactically~*~*~ (hiding).
 22404 | Snake:1  | 22404 ||| Stepping ~*~*~tactically~*~*~ (hiding).
 22504 | Snake:1  | 22504 ||| Stepping ~*~*~tactically~*~*~ (stealth).
 22506 | Snake:1  | 22506 ||| Stepping ~*~*~tactically~*~*~ (stealth).
 22562 | Snake:1  | Reached skill level 15 in Armour
 22687 | Snake:1  | 22687 ||| Stepping ~*~*~tactically~*~*~ (hiding).
 22707 | Snake:1  | 22707 ||| Stepping ~*~*~tactically~*~*~ (hiding).
 22812 | Snake:1  | 22812 ||| Stepping ~*~*~tactically~*~*~ (hiding).
 22830 | Snake:1  | Found an ancient bone altar of Kikubaaqudgha.
 23221 | Snake:1  | 23221 ||| Stepping ~*~*~tactically~*~*~ (hiding).
 23275 | Snake:1  | Identified the +10 rapier "Ozom" {drain, Drain rN+ rCorr}
                  | (Okawaru gifted it to you on level 1 of the Snake Pit)
 23275 | Snake:1  | Received a gift from Okawaru
 23323 | Snake:1  | Found Curumudu's Weapon Emporium.
 23414 | Snake:1  | 23414 ||| DROPPING ring of positive energy.
 23493 | Snake:2  | Found Josen's Antique Weapon Shop.
 23496 | Snake:2  | 23496 ||| Stepping ~*~*~tactically~*~*~ (hiding).
 23497 | Snake:2  | 23497 ||| Stepping ~*~*~tactically~*~*~ (hiding).
 23892 | Snake:2  | 23892 ||| INVOKING Heroism.
 23897 | Snake:2  | 23897 ||| Stepping ~*~*~tactically~*~*~ (hiding).
 23915 | Snake:2  | Reached skill level 13 in Fighting
 23930 | Snake:2  | 23930 ||| Stepping ~*~*~tactically~*~*~ (hiding).
 23952 | Snake:2  | Reached XP level 17. HP: 107/108 MP: 24/24
 23970 | Snake:2  | 23970 ||| INVOKING Heroism.
 24254 | Snake:2  | 24254 ||| Stepping ~*~*~tactically~*~*~ (hiding).
 24599 | Snake:3  | 24599 ||| INVOKING Heroism.
 24607 | Snake:3  | Reached ****** piety under Okawaru
 24607 | Snake:3  | Identified the +6 plate armour of Zycu {rC+ Will+ Dex+3}
                  | (Okawaru gifted it to you on level 3 of the Snake Pit)
 24607 | Snake:3  | Received a gift from Okawaru
 24649 | Snake:3  | 24649 ||| INVOKING Heroism.
 24881 | Snake:3  | 24881 ||| Stepping ~*~*~tactically~*~*~ (hiding).
 24882 | Snake:3  | 24882 ||| Stepping ~*~*~tactically~*~*~ (hiding).
 24885 | Snake:3  | 24885 ||| INVOKING Heroism.
 25243 | Snake:3  | Found Qoneguc's Assorted Antiques.
 25247 | Snake:3  | 25247 ||| BUYING potion of curing (99 gold).
 25247 | Snake:3  | Bought a potion of curing for 99 gold pieces
 25247 | Snake:3  | 25247 ||| BUYING scroll of teleportation (99 gold).
 25247 | Snake:3  | Bought a scroll of teleportation for 99 gold pieces
 25278 | Snake:3  | 25278 ||| PLANNING SHOALS:1-3
 25278 | Snake:3  | 25278 ||| UPGRADING to +0 pair of boots.
 25283 | Snake:3  | 25283 ||| READING 2 scrolls of enchant armour.
 25283 | Snake:3  | 25283 ||| ENCHANTING +0 pair of boots.
 25284 | Snake:3  | 25284 ||| READING scroll of enchant armour.
 25284 | Snake:3  | 25284 ||| ENCHANTING +1 pair of boots.
 25383 | Shoals:1 | Entered Level 1 of the Shoals
 25404 | Shoals:1 | 25404 ||| INVOKING Heroism.
 25426 | Shoals:1 | Reached skill level 18 in Axes
 25459 | Shoals:1 | 25459 ||| INVOKING Heroism.
 25483 | Shoals:1 | 25483 ||| INVOKING Heroism.
 26143 | Shoals:2 | 26143 ||| INVOKING Heroism.
 26144 | Shoals:2 | 26144 ||| INVOKING Finesse.
 26186 | Shoals:2 | 26186 ||| INVOKING Heroism.
 26223 | Shoals:2 | 26223 ||| INVOKING Heroism.
 26229 | Shoals:2 | Reached skill level 3 in Dodging
 26231 | Shoals:2 | Identified the +4 war axe "Mired" {flame, *Slow rN+ Str+4}
                  | (Okawaru gifted it to you on level 2 of the Shoals)
 26231 | Shoals:2 | Received a gift from Okawaru
 26246 | Shoals:2 | 26246 ||| INVOKING Finesse.
 26287 | Shoals:2 | 26287 ||| INVOKING Heroism.
 26380 | Shoals:2 | 26380 ||| DROPPING -2 demon whip of venom.
 26676 | Shoals:2 | 26676 ||| READING scroll of enchant weapon.
 26676 | Shoals:2 | 26676 ||| ENCHANTING +2 broad axe of protection.
 26739 | Shoals:2 | Reached XP level 18. HP: 116/116 MP: 25/25
 26739 | Shoals:2 | 26739 ||| DROPPING +4 war axe "Mired" {flame, *Slow rN+
                  | Str+4}.
 27054 | Shoals:3 | 27054 ||| INVOKING Heroism.
 27077 | Shoals:3 | Reached skill level 14 in Fighting
 27089 | Shoals:3 | 27089 ||| INVOKING Finesse.
 27092 | Shoals:3 | 27092 ||| INVOKING Heroism.
 27131 | Shoals:3 | HP: 26/116 [faun/+0 spear[a satyr] (8)]
 27132 | Shoals:3 | 27132 ||| READING 10 scrolls of teleportation.
 27133 | Shoals:3 | 27133 ||| DRINKING 6 potions of heal wounds.
 27278 | Shoals:3 | 27278 ||| INVOKING Heroism.
 27294 | Shoals:3 | 27294 ||| INVOKING Finesse.
 27333 | Shoals:3 | 27333 ||| INVOKING Heroism.
 27890 | Shoals:3 | 27890 ||| PLANNING SNAKE:4
 28048 | Snake:4  | Entered Level 4 of the Snake Pit
 28197 | Snake:4  | Noticed Vashnia
 28201 | Snake:4  | 28201 ||| INVOKING Heroism.
 28231 | Snake:4  | Killed Vashnia
 28233 | Snake:4  | Reached skill level 18 in Armour
 28241 | Snake:4  | 28241 ||| INVOKING Heroism.
 28249 | Snake:4  | Received a gift from Okawaru
 28282 | Snake:4  | 28282 ||| INVOKING Heroism.
 28314 | Snake:4  | Reached skill level 15 in Fighting
 28322 | Snake:4  | 28322 ||| Stepping ~*~*~tactically~*~*~ (hiding).
 28333 | Snake:4  | 28333 ||| INVOKING Heroism.
 28401 | Snake:4  | 28401 ||| INVOKING Heroism.
 28407 | Snake:4  | Identified the -1 pair of boots of the Forgotten Visions
                  | {+Inv Int+5 Dex-2} (Okawaru gifted it to you on level 4 of
                  | the Snake Pit)
 28407 | Snake:4  | Received a gift from Okawaru
 28630 | Snake:4  | Found Dyuliddi's Armour Boutique.
 28727 | Snake:4  | 28727 ||| Stepping ~*~*~tactically~*~*~ (stealth).
 28729 | Snake:4  | 28729 ||| Stepping ~*~*~tactically~*~*~ (stealth).
 28731 | Snake:4  | 28731 ||| Stepping ~*~*~tactically~*~*~ (stealth).
 28733 | Snake:4  | 28733 ||| Stepping ~*~*~tactically~*~*~ (stealth).
 28735 | Snake:4  | 28735 ||| Stepping ~*~*~tactically~*~*~ (stealth).
 28737 | Snake:4  | 28737 ||| Stepping ~*~*~tactically~*~*~ (stealth).
 28739 | Snake:4  | 28739 ||| Stepping ~*~*~tactically~*~*~ (stealth).
 28741 | Snake:4  | 28741 ||| Stepping ~*~*~tactically~*~*~ (stealth).
 28743 | Snake:4  | 28743 ||| Stepping ~*~*~tactically~*~*~ (stealth).
 28745 | Snake:4  | 28745 ||| Stepping ~*~*~tactically~*~*~ (stealth).
 28747 | Snake:4  | 28747 ||| Stepping ~*~*~tactically~*~*~ (stealth).
 28749 | Snake:4  | 28749 ||| Stepping ~*~*~tactically~*~*~ (stealth).
 28751 | Snake:4  | 28751 ||| Stepping ~*~*~tactically~*~*~ (stealth).
 28753 | Snake:4  | 28753 ||| Stepping ~*~*~tactically~*~*~ (stealth).
 28755 | Snake:4  | 28755 ||| Stepping ~*~*~tactically~*~*~ (hiding).
 28756 | Snake:4  | 28756 ||| Stepping ~*~*~tactically~*~*~ (hiding).
 28783 | Snake:4  | 28783 ||| INVOKING Heroism.
 28810 | Snake:4  | Got a serpentine rune of Zot
 29093 | Snake:4  | 29093 ||| PLANNING VAULTS:1-4
 29093 | Snake:4  | 29093 ||| DROPPING -1 pair of boots of the Forgotten
                  | Visions {+Inv Int+5 Dex-2}.
 29370 | Vaults:1 | Entered Level 1 of the Vaults
 29486 | Vaults:1 | 29486 ||| Stepping ~*~*~tactically~*~*~ (hiding).
 29501 | Vaults:1 | 29501 ||| Stepping ~*~*~tactically~*~*~ (hiding).
 29545 | Vaults:1 | 29545 ||| INVOKING Heroism.
 29618 | Vaults:1 | Reached XP level 19. HP: 115/124 MP: 26/26
 29649 | Vaults:1 | Identified the +2 hand axe of Karma {pain, Drain Dex+4}
 29678 | Vaults:1 | 29678 ||| Stepping ~*~*~tactically~*~*~ (hiding).
 29793 | Vaults:1 | Reached skill level 15 in Shields
 29896 | Vaults:1 | 29896 ||| Stepping ~*~*~tactically~*~*~ (stealth).
 29897 | Vaults:1 | 29897 ||| Stepping ~*~*~tactically~*~*~ (stealth).
 29899 | Vaults:1 | 29899 ||| Stepping ~*~*~tactically~*~*~ (stealth).
 29900 | Vaults:1 | 29900 ||| Stepping ~*~*~tactically~*~*~ (stealth).
 29907 | Vaults:1 | 29907 ||| INVOKING Heroism.
 29934 | Vaults:1 | 29934 ||| Stepping ~*~*~tactically~*~*~ (stealth).
 29947 | Vaults:1 | 29947 ||| Stepping ~*~*~tactically~*~*~ (hiding).
 30006 | Vaults:1 | Received a gift from Okawaru
 30055 | Vaults:1 | Found Hefoko's General Store.
 30103 | Vaults:1 | 30103 ||| Stepping ~*~*~tactically~*~*~ (hiding).
 30107 | Vaults:1 | 30107 ||| Stepping ~*~*~tactically~*~*~ (hiding).
 30149 | Vaults:1 | Reached skill level 16 in Fighting
 30228 | Vaults:1 | 30228 ||| Stepping ~*~*~tactically~*~*~ (stealth).
 30369 | Vaults:1 | 30369 ||| Stepping ~*~*~tactically~*~*~ (hiding).
 30575 | Vaults:1 | Received a gift from Okawaru
 30901 | Vaults:2 | 30901 ||| INVOKING Heroism.
 30955 | Vaults:2 | 30955 ||| Stepping ~*~*~tactically~*~*~ (hiding).
 31015 | Vaults:2 | 31015 ||| INVOKING Heroism.
 31023 | Vaults:2 | 31023 ||| Stepping ~*~*~tactically~*~*~ (hiding).
 31285 | Vaults:2 | Received a gift from Okawaru
 31331 | Vaults:2 | 31331 ||| Stepping ~*~*~tactically~*~*~ (hiding).
 31332 | Vaults:2 | 31332 ||| Stepping ~*~*~tactically~*~*~ (hiding).
 31353 | Vaults:2 | Identified the scarf of the Game of Kings {harm, rElec rF+
                  | rN+} (Okawaru gifted it to you on level 2 of the Vaults)
 31353 | Vaults:2 | Received a gift from Okawaru
 31372 | Vaults:2 | 31372 ||| Stepping ~*~*~tactically~*~*~ (stealth).
 31393 | Vaults:2 | Reached skill level 17 in Fighting
 31472 | Vaults:2 | 31472 ||| Stepping ~*~*~tactically~*~*~ (stealth).
 31474 | Vaults:2 | 31474 ||| Stepping ~*~*~tactically~*~*~ (stealth).
 31476 | Vaults:2 | 31476 ||| Stepping ~*~*~tactically~*~*~ (stealth).
 31493 | Vaults:2 | 31493 ||| INVOKING Heroism.
 31494 | Vaults:2 | 31494 ||| INVOKING Finesse.
 31834 | Vaults:2 | 31834 ||| Stepping ~*~*~tactically~*~*~ (hiding).
 31836 | Vaults:2 | 31836 ||| INVOKING Heroism.
 31837 | Vaults:2 | 31837 ||| INVOKING Finesse.
 31910 | Vaults:2 | Noticed Asterion
 31911 | Vaults:2 | 31911 ||| INVOKING Heroism.
 31912 | Vaults:2 | 31912 ||| INVOKING Finesse.
 31929 | Vaults:2 | Killed Asterion
 31930 | Vaults:2 | Reached XP level 20. HP: 108/134 MP: 20/27
 32356 | Vaults:3 | 32356 ||| Stepping ~*~*~tactically~*~*~ (stealth).
 32497 | Vaults:3 | 32497 ||| Stepping ~*~*~tactically~*~*~ (hiding).
 32725 | Vaults:3 | 32725 ||| Stepping ~*~*~tactically~*~*~ (hiding).
 32783 | Vaults:3 | Reached skill level 21 in Armour
 32885 | Vaults:3 | Received a gift from Okawaru
 32896 | Vaults:3 | 32896 ||| INVOKING Heroism.
 32929 | Vaults:3 | 32929 ||| INVOKING Heroism.
 32934 | Vaults:3 | 32934 ||| READING 11 scrolls of teleportation.
 32934 | Vaults:3 | HP: 30/134 [ghoul (11)]
 32935 | Vaults:3 | 32935 ||| DRINKING 7 potions of heal wounds.
 32937 | Vaults:3 | 32937 ||| READING 10 scrolls of teleportation.
 33026 | Vaults:3 | 33026 ||| Stepping ~*~*~tactically~*~*~ (stealth).
 33028 | Vaults:3 | 33028 ||| Stepping ~*~*~tactically~*~*~ (stealth).
 33032 | Vaults:3 | 33032 ||| Stepping ~*~*~tactically~*~*~ (stealth).
 33033 | Vaults:3 | 33033 ||| Stepping ~*~*~tactically~*~*~ (stealth).
 33034 | Vaults:3 | 33034 ||| Stepping ~*~*~tactically~*~*~ (stealth).
 33062 | Vaults:3 | Received a gift from Okawaru
 33090 | Vaults:3 | Identified the +1 plate armour "Qele" {Harm rC+ rN+ Dex+4}
                  | (Okawaru gifted it to you on level 3 of the Vaults)
 33090 | Vaults:3 | Received a gift from Okawaru
 33105 | Vaults:3 | 33105 ||| Stepping ~*~*~tactically~*~*~ (stealth).
 33185 | Vaults:3 | 33185 ||| Stepping ~*~*~tactically~*~*~ (hiding).
 33198 | Vaults:3 | 33198 ||| Stepping ~*~*~tactically~*~*~ (stealth).
 33200 | Vaults:3 | 33200 ||| Stepping ~*~*~tactically~*~*~ (hiding).
 33232 | Vaults:3 | 33232 ||| DROPPING +1 hat.
 33313 | Vaults:3 | Reached skill level 18 in Fighting
 33314 | Vaults:3 | 33314 ||| INVOKING Heroism.
 33315 | Vaults:3 | 33315 ||| Stepping ~*~*~tactically~*~*~ (hiding).
 33363 | Vaults:3 | 33363 ||| READING scroll of enchant weapon.
 33363 | Vaults:3 | 33363 ||| ENCHANTING +3 broad axe of protection.
 33416 | Vaults:3 | Identified the +2 ring mail "Evvirekoma" {Dex+6 Stlth+}
 33657 | Vaults:3 | Found a staircase to the Crypt.
 33720 | Vaults:3 | 33720 ||| Stepping ~*~*~tactically~*~*~ (stealth).
 34013 | Vaults:4 | Found Zuahocso's Antique Weapon Emporium.
 34057 | Vaults:4 | Found Sicwos's Distillery.
 34060 | Vaults:4 | Found Pybesch's Antique Armour Shop.
 34065 | Vaults:4 | 34065 ||| BUYING potion of cancellation (112 gold).
 34065 | Vaults:4 | Bought a potion of cancellation for 112 gold pieces
 34065 | Vaults:4 | 34065 ||| BUYING potion of curing (42 gold).
 34065 | Vaults:4 | Bought a potion of curing for 42 gold pieces
 34065 | Vaults:4 | 34065 ||| BUYING potion of haste (140 gold).
 34065 | Vaults:4 | Bought a potion of haste for 140 gold pieces
 34065 | Vaults:4 | 34065 ||| BUYING potion of heal wounds (70 gold).
 34065 | Vaults:4 | Bought a potion of heal wounds for 70 gold pieces
 34065 | Vaults:4 | 34065 ||| BUYING potion of might (56 gold).
 34065 | Vaults:4 | Bought a potion of might for 56 gold pieces
 34065 | Vaults:4 | 34065 ||| BUYING potion of resistance (140 gold).
 34065 | Vaults:4 | Bought a potion of resistance for 140 gold pieces
 34127 | Vaults:4 | Reached XP level 21. HP: 141/141 MP: 28/28
 34209 | Vaults:4 | Identified the +1 pair of gloves of the Trout {rF+}
                  | (Okawaru gifted it to you on level 4 of the Vaults)
 34209 | Vaults:4 | Received a gift from Okawaru
 34347 | Vaults:4 | Found Eppala's Weapon Shop.
 34351 | Vaults:4 | 34351 ||| BUYING +12 broad axe "Oquatraz" {venom, rN+ rCorr
                  | Str+3 Int+2} (1473 gold).
 34351 | Vaults:4 | Bought the +12 broad axe "Oquatraz" {venom, rN+ rCorr Str+3
                  | Int+2} for 1473 gold pieces
 34351 | Vaults:4 | 34351 ||| SWAPPING to +12 broad axe "Oquatraz" {venom, rN+
                  | rCorr Str+3 Int+2}.
 34623 | Vaults:4 | 34623 ||| INVOKING Heroism.
 34627 | Vaults:4 | Reached skill level 9 in Throwing
 34708 | Vaults:4 | 34708 ||| Stepping ~*~*~tactically~*~*~ (stealth).
 34899 | Vaults:4 | 34899 ||| Stepping ~*~*~tactically~*~*~ (hiding).
 34900 | Vaults:4 | 34900 ||| Stepping ~*~*~tactically~*~*~ (hiding).
 34902 | Vaults:4 | 34902 ||| Stepping ~*~*~tactically~*~*~ (hiding).
 34924 | Vaults:4 | Found Hybuejam's Armour Emporium.
 34975 | Vaults:4 | 34975 ||| PLANNING SHOALS:4
 34975 | Vaults:4 | 34975 ||| UPGRADING to +1 pair of gloves of the Trout
                  | {rF+}.
 34985 | Vaults:4 | 34985 ||| UPGRADING to +6 ring of dexterity.
 35405 | Shoals:4 | Entered Level 4 of the Shoals
 35440 | Shoals:4 | 35440 ||| INVOKING Heroism.
 35441 | Shoals:4 | 35441 ||| INVOKING Finesse.
 35508 | Shoals:4 | Reached skill level 6 in Dodging
 35517 | Shoals:4 | 35517 ||| INVOKING Finesse.
 35522 | Shoals:4 | 35522 ||| INVOKING Heroism.
 35525 | Shoals:4 | 35525 ||| FLEEEEING.
 35543 | Shoals:4 | HP: 33/141 [merfolk javelineer/silver javelin (12)]
 35544 | Shoals:4 | 35544 ||| READING 9 scrolls of teleportation.
 35545 | Shoals:4 | 35545 ||| DRINKING 7 potions of heal wounds.
 35547 | Shoals:4 | 35547 ||| FLEEEEING.
 35548 | Shoals:4 | 35548 ||| FLEEEEING.
 35580 | Shoals:4 | 35580 ||| INVOKING Heroism.
 35582 | Shoals:4 | Found Dighariph's Jewellery Boutique.
 35596 | Shoals:4 | 35596 ||| INVOKING Finesse.
 35651 | Shoals:4 | 35651 ||| INVOKING Heroism.
 35691 | Shoals:4 | 35691 ||| FLEEEEING.
 35742 | Shoals:4 | 35742 ||| SHOPLISTING +4 ring of protection (684 gold, have
                  | 334).
 35742 | Shoals:4 | 35742 ||| SHOPLISTING +5 ring of evasion (684 gold, have
                  | 334).
 35742 | Shoals:4 | 35742 ||| SHOPLISTING +6 ring of strength (684 gold, have
                  | 334).
 35742 | Shoals:4 | 35742 ||| SHOPLISTING ring "Viuseupp" {rCorr AC+4 Str-3
                  | Dex+2} (883 gold, have 334).
 35742 | Shoals:4 | 35742 ||| SHOPLISTING ring of Gek Piop {Wiz rCorr Dex+2
                  | Slay+3} (1128 gold, have 334).
 35742 | Shoals:4 | 35742 ||| SHOPLISTING ring of resist corrosion (380 gold,
                  | have 334).
 35923 | Shoals:4 | Found Nookhlas's Antique Weapon Boutique.
 36018 | Shoals:4 | 36018 ||| INVOKING Heroism.
 36021 | Shoals:4 | Found Axtostruo's Distillery.
 36040 | Shoals:4 | 36040 ||| BUYING potion of attraction (63 gold).
 36040 | Shoals:4 | Bought a potion of attraction for 63 gold pieces
 36040 | Shoals:4 | 36040 ||| BUYING potion of curing (63 gold).
 36040 | Shoals:4 | Bought a potion of curing for 63 gold pieces
 36040 | Shoals:4 | 36040 ||| BUYING potion of curing (63 gold).
 36040 | Shoals:4 | Bought a potion of curing for 63 gold pieces
 36040 | Shoals:4 | 36040 ||| BUYING potion of haste (210 gold).
 36040 | Shoals:4 | Bought a potion of haste for 210 gold pieces
 36040 | Shoals:4 | 36040 ||| SHOPLISTING potion of heal wounds (105 gold, have
                  | 1).
 36040 | Shoals:4 | 36040 ||| SHOPLISTING potion of magic (168 gold, have 1).
 36040 | Shoals:4 | 36040 ||| SHOPLISTING potion of mutation (168 gold, have
                  | 1).
 36145 | Shoals:4 | Identified the staff of earth "Pumm" {rElec Dex+3}
 36345 | Shoals:4 | Got a barnacled rune of Zot
 36417 | Shoals:4 | 36417 ||| PLANNING DEPTHS
 36417 | Shoals:4 | 36417 ||| DROPPING +2 pair of boots.
 36685 | Depths:1 | Entered Level 1 of the Depths
 36686 | Depths:1 | 36686 ||| INVOKING Heroism.
 36730 | Depths:1 | 36730 ||| Stepping ~*~*~tactically~*~*~ (hiding).
 36735 | Depths:1 | 36735 ||| INVOKING Heroism.
 36777 | Depths:1 | Received a gift from Okawaru
 36822 | Depths:1 | 36822 ||| INVOKING Heroism.
 36850 | Depths:1 | 36850 ||| Stepping ~*~*~tactically~*~*~ (hiding).
 36865 | Depths:1 | 36865 ||| INVOKING Finesse.
 36872 | Depths:1 | Received a gift from Okawaru
 36873 | Depths:1 | Reached skill level 19 in Fighting
 36873 | Depths:1 | 36873 ||| INVOKING Heroism.
 36895 | Depths:1 | Found a one-way gate leading to the halls of Pandemonium.
 36975 | Depths:1 | 36975 ||| Stepping ~*~*~tactically~*~*~ (stealth).
 37012 | Depths:1 | 37012 ||| Stepping ~*~*~tactically~*~*~ (hiding).
 37019 | Depths:1 | Reached XP level 22. HP: 149/149 MP: 29/29
 37033 | Depths:1 | 37033 ||| Stepping ~*~*~tactically~*~*~ (stealth).
 37034 | Depths:1 | 37034 ||| Stepping ~*~*~tactically~*~*~ (stealth).
 37036 | Depths:1 | 37036 ||| Stepping ~*~*~tactically~*~*~ (stealth).
 37038 | Depths:1 | Identified the +7 ring mail "Suevayrr" {Slay+2}
 37041 | Depths:1 | 37041 ||| Stepping ~*~*~tactically~*~*~ (hiding).
 37042 | Depths:1 | 37042 ||| Stepping ~*~*~tactically~*~*~ (stealth).
 37060 | Depths:1 | 37060 ||| Stepping ~*~*~tactically~*~*~ (hiding).
 37064 | Depths:1 | 37064 ||| INVOKING Heroism.
 37106 | Depths:1 | 37106 ||| INVOKING Heroism.
 37161 | Depths:1 | Noticed a juggernaut
 37162 | Depths:1 | 37162 ||| Stepping ~*~*~tactically~*~*~ (stealth).
 37164 | Depths:1 | 37164 ||| Stepping ~*~*~tactically~*~*~ (stealth).
 37172 | Depths:1 | 37172 ||| FLEEEEING.
 37176 | Depths:1 | 37176 ||| INVOKING Heroism.
 37177 | Depths:1 | 37177 ||| INVOKING Finesse.
 37192 | Depths:1 | Killed a juggernaut
 37231 | Depths:1 | 37231 ||| Stepping ~*~*~tactically~*~*~ (hiding).
 37241 | Depths:1 | 37241 ||| INVOKING Heroism.
 37312 | Depths:1 | 37312 ||| FLEEEEING.
 37313 | Depths:1 | 37313 ||| FLEEEEING.
 37334 | Depths:1 | Received a gift from Okawaru
 37355 | Depths:1 | 37355 ||| Stepping ~*~*~tactically~*~*~ (stealth).
 37366 | Depths:1 | 37366 ||| INVOKING Heroism.
 37367 | Depths:1 | 37367 ||| INVOKING Finesse.
 37382 | Depths:1 | Reached skill level 20 in Fighting
 37462 | Depths:1 | Identified the ring of Yzuirole {Fly Will+ Dex-3 SInv}
 37641 | Depths:1 | Found a gateway to Hell.
 37783 | Depths:1 | Noticed the Enchantress
 37784 | Depths:1 | 37784 ||| Stepping ~*~*~tactically~*~*~ (hiding).
 37785 | Depths:1 | 37785 ||| INVOKING Heroism.
 37803 | Depths:1 | Received a gift from Okawaru
 37805 | Depths:1 | Killed the Enchantress
 37827 | Depths:1 | 37827 ||| Stepping ~*~*~tactically~*~*~ (hiding).
 37828 | Depths:1 | 37828 ||| Stepping ~*~*~tactically~*~*~ (hiding).
 37942 | Depths:1 | 37942 ||| Stepping ~*~*~tactically~*~*~ (stealth).
 37948 | Depths:1 | 37948 ||| Stepping ~*~*~tactically~*~*~ (hiding).
 37951 | Depths:1 | 37951 ||| Stepping ~*~*~tactically~*~*~ (hiding).
 37952 | Depths:1 | 37952 ||| Stepping ~*~*~tactically~*~*~ (hiding).
 37954 | Depths:1 | 37954 ||| Stepping ~*~*~tactically~*~*~ (hiding).
 37986 | Depths:1 | 37986 ||| Stepping ~*~*~tactically~*~*~ (stealth).
 37988 | Depths:1 | 37988 ||| Stepping ~*~*~tactically~*~*~ (stealth).
 37990 | Depths:1 | 37990 ||| Stepping ~*~*~tactically~*~*~ (stealth).
 37992 | Depths:1 | 37992 ||| Stepping ~*~*~tactically~*~*~ (hiding).
 37993 | Depths:1 | 37993 ||| Stepping ~*~*~tactically~*~*~ (hiding).
 37994 | Depths:1 | 37994 ||| Stepping ~*~*~tactically~*~*~ (hiding).
 37995 | Depths:1 | 37995 ||| Stepping ~*~*~tactically~*~*~ (hiding).
 38007 | Depths:1 | 38007 ||| INVOKING Heroism.
 38013 | Depths:1 | Received a gift from Okawaru
 38415 | Depths:1 | 38415 ||| DROPPING +2 pair of boots of rampaging.
 38416 | Depths:1 | 38416 ||| DROPPING ring of willpower.
 38417 | Depths:1 | 38417 ||| DROPPING +6 ring of intelligence.
 38526 | Depths:2 | You are sucked into a shaft and drop 1 floor!
 38527 | Depths:3 | 38527 ||| PLANNING WIZLAB
 38527 | Depths:3 | 38527 ||| INVOKING Heroism.
 38535 | Depths:3 | Received a gift from Okawaru
 38613 | Depths:3 | 38613 ||| INVOKING Heroism.
 38648 | Depths:3 | 38648 ||| INVOKING Heroism.
 38652 | Depths:3 | Noticed a golden dragon
 38663 | Depths:3 | Killed a golden dragon
 38756 | Depths:3 | 38756 ||| INVOKING Finesse.
 38801 | Depths:3 | Received a gift from Okawaru
 38887 | Depths:3 | Reached skill level 21 in Fighting
 38900 | Depths:3 | Reached skill level 18 in Shields
 38904 | Depths:3 | 38904 ||| INVOKING Heroism.
 39015 | Depths:3 | Found a one-way gate to the infinite horrors of the Abyss.
 39029 | Depths:3 | Found a one-way gateway to a ziggurat.
 39036 | Depths:3 | Found a magical portal.
 39045 | WizLab   | Entered Maxwell's Workshop
 39073 | WizLab   | 39073 ||| Stepping ~*~*~tactically~*~*~ (hiding).
 39074 | WizLab   | 39074 ||| Stepping ~*~*~tactically~*~*~ (hiding).
 39100 | WizLab   | 39100 ||| Stepping ~*~*~tactically~*~*~ (stealth).
 39103 | WizLab   | 39103 ||| Stepping ~*~*~tactically~*~*~ (hiding).
 39121 | WizLab   | 39121 ||| Stepping ~*~*~tactically~*~*~ (hiding).
 39133 | WizLab   | Reached XP level 23. HP: 149/160 MP: 30/30
 39144 | WizLab   | 39144 ||| Stepping ~*~*~tactically~*~*~ (hiding).
 39147 | WizLab   | 39147 ||| Stepping ~*~*~tactically~*~*~ (hiding).
 39178 | WizLab   | 39178 ||| FLEEEEING.
 39277 | WizLab   | 39277 ||| Stepping ~*~*~tactically~*~*~ (stealth).
 39278 | WizLab   | 39278 ||| Stepping ~*~*~tactically~*~*~ (stealth).
 39288 | WizLab   | 39288 ||| Stepping ~*~*~tactically~*~*~ (stealth).
 39295 | WizLab   | 39295 ||| Stepping ~*~*~tactically~*~*~ (stealth).
 39381 | WizLab   | 39381 ||| Stepping ~*~*~tactically~*~*~ (stealth).
 39383 | WizLab   | 39383 ||| Stepping ~*~*~tactically~*~*~ (stealth).
 39385 | WizLab   | 39385 ||| Stepping ~*~*~tactically~*~*~ (hiding).
 39400 | WizLab   | 39400 ||| Stepping ~*~*~tactically~*~*~ (hiding).
 39429 | WizLab   | Identified the ring "Fastriwig" {Fire Contam Str+2 Int+3}
 39430 | WizLab   | Received a gift from Okawaru
 39432 | WizLab   | Reached skill level 12 in Throwing
 39458 | WizLab   | 39458 ||| Stepping ~*~*~tactically~*~*~ (hiding).
 39460 | WizLab   | 39460 ||| Stepping ~*~*~tactically~*~*~ (hiding).
 39462 | WizLab   | 39462 ||| Stepping ~*~*~tactically~*~*~ (hiding).
 39526 | WizLab   | 39526 ||| Stepping ~*~*~tactically~*~*~ (hiding).
 39561 | WizLab   | Identified the +6 short sword of the Manifold Prophets
                  | {flame, SInv}
 39574 | WizLab   | Identified the ring "Wiraucziqe" {Fire Contam rElec Str+4
                  | Dex+2}
 39606 | WizLab   | Identified the +0 ring mail of Qihusmam {rElec Will+ Str+3}
 39694 | WizLab   | 39694 ||| DROPPING +2 pair of gloves.
 39695 | WizLab   | 39695 ||| DROPPING scarf of harm.
 39696 | WizLab   | 39696 ||| DROPPING scarf of harm.
 39697 | WizLab   | 39697 ||| DROPPING scarf of harm.
 39698 | WizLab   | 39698 ||| DROPPING +2 pair of boots of stealth.
 39699 | WizLab   | 39699 ||| DROPPING ring of fire.
 39734 | Depths:3 | 39734 ||| PLANNING DEPTHS
 39861 | Depths:2 | Noticed a dread lich
 39862 | Depths:2 | 39862 ||| INVOKING Heroism.
 39863 | Depths:2 | 39863 ||| INVOKING Finesse.
 39867 | Depths:2 | Reached skill level 9 in Dodging
 39891 | Depths:2 | Killed a dread lich
 39946 | Depths:2 | 39946 ||| INVOKING Heroism.
 39959 | Depths:2 | Reached skill level 22 in Fighting
 40020 | Depths:2 | 40020 ||| Stepping ~*~*~tactically~*~*~ (stealth).
 40021 | Depths:2 | 40021 ||| Stepping ~*~*~tactically~*~*~ (stealth).
 40043 | Depths:2 | 40043 ||| Stepping ~*~*~tactically~*~*~ (hiding).
 40074 | Depths:2 | Found a basalt altar of Yredelemnul.
 40136 | Depths:2 | 40136 ||| Stepping ~*~*~tactically~*~*~ (hiding).
 40140 | Depths:2 | 40140 ||| INVOKING Heroism.
 40277 | Depths:2 | 40277 ||| Stepping ~*~*~tactically~*~*~ (stealth).
 40279 | Depths:2 | 40279 ||| Stepping ~*~*~tactically~*~*~ (stealth).
 40288 | Depths:2 | 40288 ||| Stepping ~*~*~tactically~*~*~ (hiding).
 40399 | Depths:2 | 40399 ||| INVOKING Heroism.
 40400 | Depths:2 | 40400 ||| INVOKING Finesse.
 40404 | Depths:2 | Received a gift from Okawaru
 40431 | Depths:2 | 40431 ||| Stepping ~*~*~tactically~*~*~ (stealth).
 40432 | Depths:2 | 40432 ||| Stepping ~*~*~tactically~*~*~ (stealth).
 40434 | Depths:2 | 40434 ||| Stepping ~*~*~tactically~*~*~ (hiding).
 40486 | Depths:2 | 40486 ||| INVOKING Heroism.
 40544 | Depths:2 | Found a runed translucent gate.
 40544 | Depths:2 | Found a runed translucent gate.
 40544 | Depths:2 | Found a runed translucent gate.
 40574 | Depths:2 | Noticed a golden dragon
 40577 | Depths:2 | Paralysed by a floating eye for 4 turns
 40585 | Depths:2 | 40585 ||| INVOKING Heroism.
 40586 | Depths:2 | Paralysed by a floating eye for 4 turns
 40661 | Depths:2 | 40661 ||| INVOKING Heroism.
 40749 | Depths:2 | Found a runed translucent gate.
 40749 | Depths:2 | Found a runed translucent gate.
 40749 | Depths:2 | Found a runed translucent gate.
 40795 | Depths:2 | Found an opulent altar of Gozag.
 41286 | Depths:3 | Found a portal to a secret trove of treasure.
 41346 | Depths:3 | Noticed qw's ghost (veteran GrFi)
 41348 | Depths:3 | Found a runed translucent door.
 41607 | Depths:3 | Found a glowing silver altar of Zin.
 42357 | Depths:4 | Entered Level 4 of the Depths
 42379 | Depths:4 | 42379 ||| Stepping ~*~*~tactically~*~*~ (hiding).
 42454 | Depths:4 | Received a gift from Okawaru
 42473 | Depths:4 | 42473 ||| Stepping ~*~*~tactically~*~*~ (stealth).
 42474 | Depths:4 | 42474 ||| Stepping ~*~*~tactically~*~*~ (stealth).
 42477 | Depths:4 | 42477 ||| INVOKING Heroism.
 42519 | Depths:4 | 42519 ||| Stepping ~*~*~tactically~*~*~ (stealth).
 42528 | Depths:4 | 42528 ||| INVOKING Heroism.
 42549 | Depths:4 | 42549 ||| FLEEEEING.
 42550 | Depths:4 | 42550 ||| FLEEEEING.
 42551 | Depths:4 | 42551 ||| FLEEEEING.
 42552 | Depths:4 | 42552 ||| FLEEEEING.
 42553 | Depths:4 | 42553 ||| FLEEEEING.
 42555 | Depths:4 | 42555 ||| FLEEEEING.
 42556 | Depths:4 | 42556 ||| FLEEEEING.
 42557 | Depths:4 | 42557 ||| FLEEEEING.
 42558 | Depths:4 | 42558 ||| STAIRDANCE
 42675 | Depths:4 | 42675 ||| Stepping ~*~*~tactically~*~*~ (hiding).
 42676 | Depths:4 | 42676 ||| Stepping ~*~*~tactically~*~*~ (hiding).
 42677 | Depths:4 | 42677 ||| Stepping ~*~*~tactically~*~*~ (hiding).
 42677 | Depths:4 | Noticed a golden dragon
 42678 | Depths:4 | 42678 ||| Stepping ~*~*~tactically~*~*~ (stealth).
 42680 | Depths:4 | 42680 ||| Stepping ~*~*~tactically~*~*~ (hiding).
 42681 | Depths:4 | 42681 ||| INVOKING Heroism.
 42701 | Depths:4 | Killed a golden dragon
 42706 | Depths:4 | 42706 ||| Stepping ~*~*~tactically~*~*~ (hiding).
 42721 | Depths:4 | 42721 ||| Stepping ~*~*~tactically~*~*~ (hiding).
 42728 | Depths:4 | Noticed a golden dragon
 42733 | Depths:4 | 42733 ||| INVOKING Heroism.
 42741 | Depths:4 | Killed a golden dragon
 42741 | Depths:4 | Received a gift from Okawaru
 42742 | Depths:4 | Reached XP level 24. HP: 133/169 MP: 29/30
 42769 | Depths:4 | 42769 ||| Stepping ~*~*~tactically~*~*~ (stealth).
 42770 | Depths:4 | 42770 ||| Stepping ~*~*~tactically~*~*~ (stealth).
 42784 | Depths:4 | 42784 ||| Stepping ~*~*~tactically~*~*~ (hiding).
 42810 | Depths:4 | 42810 ||| INVOKING Heroism.
 42814 | Depths:4 | 42814 ||| Stepping ~*~*~tactically~*~*~ (hiding).
 42816 | Depths:4 | 42816 ||| Stepping ~*~*~tactically~*~*~ (hiding).
 42835 | Depths:4 | Reached skill level 23 in Fighting
 42837 | Depths:4 | Found a gate to the Realm of Zot.
 42845 | Depths:4 | 42845 ||| Stepping ~*~*~tactically~*~*~ (stealth).
 42959 | Depths:4 | Found an iron altar of Okawaru.
 43137 | Depths:4 | 43137 ||| Stepping ~*~*~tactically~*~*~ (hiding).
 43140 | Depths:4 | 43140 ||| Stepping ~*~*~tactically~*~*~ (hiding).
 43171 | Depths:4 | Noticed a caustic shrike
 43172 | Depths:4 | 43172 ||| INVOKING Heroism.
 43180 | Depths:4 | Killed a caustic shrike
 43181 | Depths:4 | 43181 ||| Stepping ~*~*~tactically~*~*~ (hiding).
 43538 | Depths:4 | 43538 ||| Stepping ~*~*~tactically~*~*~ (hiding).
 43543 | Depths:4 | 43543 ||| Stepping ~*~*~tactically~*~*~ (hiding).
 43550 | Depths:4 | 43550 ||| FLEEEEING.
 43575 | Depths:4 | 43575 ||| Stepping ~*~*~tactically~*~*~ (stealth).
 43581 | Depths:4 | 43581 ||| Stepping ~*~*~tactically~*~*~ (stealth).
 43694 | Depths:4 | 43694 ||| Stepping ~*~*~tactically~*~*~ (hiding).
 43696 | Depths:4 | 43696 ||| Stepping ~*~*~tactically~*~*~ (hiding).
 43700 | Depths:4 | 43700 ||| INVOKING Heroism.
 43745 | Depths:4 | 43745 ||| PLANNING VAULTS:5
 43745 | Depths:4 | 43745 ||| DROPPING +0 pair of boots of stealth.
 44090 | Vaults:5 | Entered Level 5 of the Vaults
 44091 | Vaults:5 | 44091 ||| INVOKING Heroism.
 44099 | Vaults:5 | Received a gift from Okawaru
 44121 | Vaults:5 | Reached skill level 24 in Fighting
 44130 | Vaults:5 | 44130 ||| STAIRDANCE
 44130 | Vaults:5 | HP: 40/173 [tengu reaver/+1 war axe of distortion (16)]
 44132 | Vaults:4 | 44132 ||| READING 12 scrolls of teleportation.
 44133 | Vaults:4 | 44133 ||| DRINKING 6 potions of heal wounds.
 44260 | Vaults:5 | Noticed a dread lich
 44261 | Vaults:5 | 44261 ||| STAIRDANCE
 44298 | Vaults:4 | 44298 ||| INVOKING Heroism.
 44318 | Vaults:5 | 44318 ||| INVOKING Finesse.
 44344 | Vaults:5 | Killed a dread lich
 44358 | Vaults:5 | 44358 ||| INVOKING Heroism.
 44370 | Vaults:5 | Received a gift from Okawaru
 44397 | Vaults:5 | 44397 ||| Stepping ~*~*~tactically~*~*~ (hiding).
 44524 | Vaults:5 | Identified the +1 plate armour of Repulsion {rF+ rN+ rCorr
                  | Int+3}
 44550 | Vaults:5 | 44550 ||| Stepping ~*~*~tactically~*~*~ (hiding).
 44552 | Vaults:5 | 44552 ||| INVOKING Heroism.
 44592 | Vaults:5 | 44592 ||| INVOKING Heroism.
 44593 | Vaults:5 | 44593 ||| INVOKING Finesse.
 44610 | Vaults:5 | Identified the +0 leather armour of Weightlessness {rPois
                  | Str+3 Int+6}
 44614 | Vaults:5 | Identified the ring "Qetuck" {Fly rN+ Str+6 Dex+4}
 44621 | Vaults:5 | Reached XP level 25. HP: 170/180 MP: 26/30
 44650 | Vaults:5 | Received a gift from Okawaru
 44686 | Vaults:5 | Reached skill level 25 in Fighting
 44756 | Vaults:5 | Identified the +0 scale mail "Sag Esost" {-Tele rElec rF+
                  | Stlth+}
 44868 | Vaults:5 | Identified the +10 glaive of the Twisting Seeker {spect,
                  | *Slow Fly rPois SInv}
 44869 | Vaults:5 | Identified the +2 robe "Rone Goqid" {Str+8}
 44899 | Vaults:5 | Identified the staff of fire "Kighef" {*Corrode rPois rF+
                  | rN+++ Str-2}
 44922 | Vaults:5 | Identified the ring of Hergh {rF+ AC+4 Str+3}
 44969 | Vaults:5 | Identified the ring "Setwiuck" {MP+9 Dex+6 Stlth+}
 44990 | Vaults:5 | Got a silver rune of Zot
 44991 | Vaults:5 | Identified the +2 cloak of Gozag's Envy {*Corrode rN+ Will+
                  | Int+4}
 45004 | Vaults:5 | Identified the +3 spear of Dissatisfaction {venom, Fly rC-
                  | Str+3}
 45032 | Vaults:5 | 45032 ||| Stepping ~*~*~tactically~*~*~ (hiding).
 45060 | Vaults:5 | Received a gift from Okawaru
 45110 | Vaults:5 | Identified the +1 pair of boots of Supple Strength {rCorr
                  | Int+3}
 45262 | Vaults:5 | Noticed a dread lich
 45263 | Vaults:5 | 45263 ||| INVOKING Heroism.
 45264 | Vaults:5 | 45264 ||| INVOKING Finesse.
 45269 | Vaults:5 | Killed a dread lich
 45568 | Vaults:5 | Identified the staff of conjuration "Iqewk" {Fragile rPois
                  | Int+6 Dex+3}
 45639 | Vaults:5 | 45639 ||| PLANNING SHOPPING SPREE
 45639 | Vaults:5 | 45639 ||| DROPPING +2 hat.
 45640 | Vaults:5 | 45640 ||| DROPPING scarf of harm.
 45641 | Vaults:5 | 45641 ||| DROPPING ring of see invisible.
 45642 | Vaults:5 | 45642 ||| DROPPING ring of Vausisk {rPois Dex+6}.
 45643 | Vaults:5 | 45643 ||| DROPPING ring of see invisible.
 45644 | Vaults:5 | 45644 ||| DROPPING ring of protection from fire.
 45645 | Vaults:5 | 45645 ||| UPGRADING to ring "Qetuck" {Fly rN+ Str+6 Dex+4}.
 45647 | Vaults:5 | 45647 ||| DROPPING ring of Yzuirole {Fly Will+ Dex-3 SInv}.
 45648 | Vaults:5 | 45648 ||| DROPPING ring "Fastriwig" {Fire Contam Str+2
                  | Int+3}.
 45649 | Vaults:5 | 45649 ||| UPGRADING to ring of Hergh {rF+ AC+4 Str+3}.
 45651 | Vaults:5 | 45651 ||| DROPPING +6 ring of dexterity.
 45652 | Vaults:5 | 45652 ||| UPGRADING to ring "Qetuck" {Fly rN+ Str+6 Dex+4}.
 45711 | Vaults:4 | 45711 ||| Stepping ~*~*~tactically~*~*~ (stealth).
 46071 | D:4      | 46071 ||| BUYING potion of mutation (88 gold).
 46071 | D:4      | Bought a potion of mutation for 88 gold pieces
 46392 | Shoals:4 | 46392 ||| BUYING potion of heal wounds (105 gold).
 46392 | Shoals:4 | Bought a potion of heal wounds for 105 gold pieces
 46392 | Shoals:4 | 46392 ||| BUYING potion of magic (168 gold).
 46392 | Shoals:4 | Bought a potion of magic for 168 gold pieces
 46392 | Shoals:4 | 46392 ||| BUYING potion of mutation (168 gold).
 46392 | Shoals:4 | Bought a potion of mutation for 168 gold pieces
 46430 | Shoals:4 | 46430 ||| BUYING ring "Viuseupp" {rCorr AC+4 Str-3 Dex+2}
                  | (883 gold).
 46430 | Shoals:4 | Bought the ring "Viuseupp" {rCorr AC+4 Str-3 Dex+2} for 883
                  | gold pieces
 46430 | Shoals:4 | 46430 ||| BUYING ring of Gek Piop {Wiz rCorr Dex+2 Slay+3}
                  | (1128 gold).
 46430 | Shoals:4 | Bought the ring of Gek Piop {Wiz rCorr Dex+2 Slay+3} for
                  | 1128 gold pieces
 46430 | Shoals:4 | 46430 ||| PLANNING ZOT:1-4
 46749 | Zot:1    | Entered Level 1 of the Realm of Zot
 46757 | Zot:1    | 46757 ||| Stepping ~*~*~tactically~*~*~ (hiding).
 46758 | Zot:1    | 46758 ||| Stepping ~*~*~tactically~*~*~ (hiding).
 46760 | Zot:1    | 46760 ||| INVOKING Heroism.
 46773 | Zot:1    | 46773 ||| READING scroll of acquirement.
 46773 | Zot:1    | 46773 ||| ACQUIRING +0 pair of gloves of Lies {rCorr Int+4
                  | Stlth-}
 46773 | Zot:1    | Acquired the +0 pair of gloves of Lies {rCorr Int+4 Stlth-}
 46797 | Zot:1    | Received a gift from Okawaru
 46879 | Zot:1    | 46879 ||| Stepping ~*~*~tactically~*~*~ (hiding).
 46881 | Zot:1    | 46881 ||| Stepping ~*~*~tactically~*~*~ (hiding).
 46926 | Zot:1    | 46926 ||| FLEEEEING.
 46927 | Zot:1    | 46927 ||| FLEEEEING.
 46928 | Zot:1    | 46928 ||| FLEEEEING.
 46929 | Zot:1    | 46929 ||| FLEEEEING.
 46930 | Zot:1    | 46930 ||| FLEEEEING.
 46932 | Zot:1    | 46932 ||| FLEEEEING.
 46933 | Zot:1    | 46933 ||| FLEEEEING.
 46934 | Zot:1    | 46934 ||| FLEEEEING.
 46935 | Zot:1    | 46935 ||| FLEEEEING.
 46936 | Zot:1    | 46936 ||| FLEEEEING.
 46952 | Zot:1    | 46952 ||| INVOKING Heroism.
 47074 | Zot:1    | 47074 ||| Stepping ~*~*~tactically~*~*~ (hiding).
 47077 | Zot:1    | 47077 ||| INVOKING Heroism.
 47170 | Zot:1    | 47170 ||| Stepping ~*~*~tactically~*~*~ (stealth).
 47171 | Zot:1    | 47171 ||| Stepping ~*~*~tactically~*~*~ (stealth).
 47173 | Zot:1    | 47173 ||| Stepping ~*~*~tactically~*~*~ (hiding).
 47175 | Zot:1    | 47175 ||| INVOKING Heroism.
 47281 | Zot:1    | 47281 ||| INVOKING Heroism.
 47474 | Zot:1    | 47474 ||| Stepping ~*~*~tactically~*~*~ (hiding).
 47578 | Zot:1    | 47578 ||| Stepping ~*~*~tactically~*~*~ (stealth).
 47580 | Zot:1    | 47580 ||| Stepping ~*~*~tactically~*~*~ (hiding).
 47682 | Zot:1    | 47682 ||| Stepping ~*~*~tactically~*~*~ (hiding).
 48061 | Zot:1    | Received a gift from Okawaru
 48157 | Zot:1    | 48157 ||| Stepping ~*~*~tactically~*~*~ (hiding).
 48250 | Zot:2    | 48250 ||| FLEEEEING.
 48261 | Zot:2    | Reached skill level 26 in Fighting
 48281 | Zot:2    | Found the +7 captain's cutlass {speed, disarm}
 48304 | Zot:2    | Found a transporter.
 48318 | Zot:2    | Found a transporter.
 48461 | Zot:2    | Found a transporter.
 48569 | Zot:2    | Found a transporter.
 48572 | Zot:2    | 48572 ||| INVOKING Heroism.
 48586 | Zot:2    | 48586 ||| Stepping ~*~*~tactically~*~*~ (hiding).
 48587 | Zot:2    | 48587 ||| Stepping ~*~*~tactically~*~*~ (hiding).
 48598 | Zot:2    | Received a gift from Okawaru
 48832 | Zot:2    | Found Gecanas's Changing Room.
 48849 | Zot:2    | 48849 ||| BUYING potion of lignification (51 gold).
 48849 | Zot:2    | Bought a potion of lignification for 51 gold pieces
 48849 | Zot:2    | 48849 ||| BUYING potion of mutation (136 gold).
 48849 | Zot:2    | Bought a potion of mutation for 136 gold pieces
 48849 | Zot:2    | 48849 ||| BUYING potion of mutation (136 gold).
 48849 | Zot:2    | Bought a potion of mutation for 136 gold pieces
 48849 | Zot:2    | 48849 ||| BUYING potion of mutation (136 gold).
 48849 | Zot:2    | Bought a potion of mutation for 136 gold pieces
 48992 | Zot:3    | 48992 ||| INVOKING Heroism.
 49037 | Zot:3    | Found a runed translucent gate.
 49038 | Zot:3    | Found a runed translucent gate.
 49039 | Zot:3    | Found a runed translucent gate.
 49039 | Zot:3    | Noticed qw's ghost (veteran GrFi)
 49043 | Zot:3    | Noticed runemage's ghost (legendary GnFi)
 49049 | Zot:3    | Noticed Mikey69's ghost (legendary DsBe)
 49051 | Zot:3    | Noticed Emnejil's ghost (master VSBe)
 49064 | Zot:3    | 49064 ||| INVOKING Heroism.
 49111 | Zot:3    | 49111 ||| INVOKING Heroism.
 49163 | Zot:3    | 49163 ||| Stepping ~*~*~tactically~*~*~ (hiding).
 49182 | Zot:3    | 49182 ||| INVOKING Heroism.
 49988 | Zot:3    | 49988 ||| DROPPING +2 pair of boots.
 50010 | Zot:4    | 50010 ||| INVOKING Heroism.
 50035 | Zot:4    | HP: 36/184 [golden dragon (32)]
 50036 | Zot:4    | 50036 ||| READING 14 scrolls of teleportation.
 50036 | Zot:4    | HP: 4/184 [green draconian monk[a black draconian knight]
                  | (27)]
 50036 | Zot:4    | Demolished by a purple draconian

Levels and vault maps discovered:
D:1:      dpeg_arrival_long_road, layout_rooms, minmay_statues_item
D:2:      layout_loops_ring
D:3:      minmay_goblin_kobold_castle, layout_basic, uniq_grinder
D:4:      layout_basic, serial_shops, shop_coins, uniq_natasha
D:5:      layout_basic, bh_walls_and_bars
D:6:      layout_cave_pools, minmay_overflow_temple_hex,
          minmay_temple_entry_trees, ebering_ghost_sewer_f
D:7:      layout_basic, vehumet_altar_wand_db, minmay_unpleasant_kobolds,
          uniq_duvessa
D:8:      layout_gridville, water_boxes_lemuel
D:9:      layout_loops_ring, gammafunk_temple_overflow_arena, st_stairs_4,
          uniq_maurice, uniq_pikel
D:10:     layout_roguey, kennysheep_cluttered_room, serial_bayou_pond_d,
          kennysheep_flooded_box, minmay_radiant
D:11:     layout_cave_pools, david_lair_generic, nicolae_elyvilon_peaceful_grove
D:12:     layout_rooms, orc_david_3, serial_shops, nicolae_shop_tiny_glass,
          drop_trap, serial_bayou_lake_a
D:13:     layout_irregular_city, david_vaults_5, ebering_ghost_reflecting_pool,
          minmay_strange_pillars, uniq_josephine, uniq_nessos, uniq_kirke,
          uniq_erolcha
D:14:     layout_cross, hangedman_decor_clover_reticule, serial_shops, shop,
          nicolae_lakefront_shop, chequers_serial_rivers_micro_b,
          grunt_ministairs_13, nicolae_diode_stairs, uniq_louise
D:15:     grunt_enter_depths_giant_problem, layout_irregular_city,
          hangedman_abyss_or_decor_clamps, hellmonk_guarded_unrand_gong,
          uniq_rupert
Temple:   nicolae_temple_figure_eight
Lair:1:   layout_hall_layers, ebering_ghost_disaster_area,
          cheibrodos_lair_caveside_slide, nicolae_lair_run_with_the_wolves
Lair:2:   layout_cave_pods, guppyfry_snake_entry_garden, gauntlet_entry_generic
Lair:3:   layout_cave_shapes, minmay_shoals_entry_hut, uniq_amaemon
Lair:4:   layout_roguey, portal_ice_cave_entry_ice_simulacra, wad_woods_road_04,
          infiniplex_staircase_pool
Lair:5:   due_jungle_book, layout_cave_pods, nicolae_slime_entry_slimehenge,
          basic_altar, gammafunk_ghost_necromancy
Shoals:1: layout_shoals
Shoals:2: nzn_motion_control, layout_shoals
Shoals:3: layout_shoals
Shoals:4: shoals_end_grunt_ice, layout_shoals, serial_shops, shop,
          nicolae_shop_gaudy_bauble, nicolae_shop_temple_entry_statues_fountains
Snake:1:  layout_honeycomb, basic_altar, serial_shops, nicolae_shop_waterfront
Snake:2:  layout_honeycomb, serial_shops, nicolae_shop_waterfront
Snake:3:  layout_cave_town, serial_shops, nicolae_shop_back_alley_shop
Snake:4:  johnstein_snake_rune_scales, layout_onion, minmay_shop_star
Orc:1:    orc_temple, layout_caves, nicolae_volcano_entry_vermiform,
          basic_altar, mines1_david
Orc:2:    grunt_orc_community_town_hall, layout_caves,
          grunt_orc_community_big_house_2, grunt_orc_community_big_house_1,
          grunt_orc_community_house_3, grunt_orc_community_house_3,
          grunt_orc_community_house_3, grunt_orc_community_house_1, basic_altar,
          nicolae_shop_self_help
Vaults:1: hangedman_vaults_stretched_pinwheel, nicolae_vaults_more_shelving_1,
          nicolae_vaults_apartment_1, nicolae_vaults_network_s, v_misc_10,
          nicolae_vaults_apartment_1, nicolae_vaults_wine_cellar,
          ontoclasm_vaults_chip, ontoclasm_vaults_claustrophobia,
          vaults_room_fours, layout_vaults_maze_snakey, serial_shops,
          nicolae_shop_behind_doors
Vaults:2: nicolae_vaults_wrenched, v_alt_pattern_6, hangedman_vaults_trim,
          grunt_vaults_funnel, nicolae_vaults_little_squares_1,
          nicolae_vaults_theta, layout_vaults_omnigrid, uniq_asterion
Vaults:3: v_rooms_5, nicolae_vaults_tetromino_L_1,
          nicolae_vaults_security_offices_5, v_misc_1, v_pattern_3,
          nicolae_vaults_sightless_eye, v_rooms_2,
          nicolae_vaults_storage_closets_1, nicolae_vaults_trapezoid_1,
          nicolae_vaults_trapezoid_3, minmay_crypt_entry_simple_statues,
          nicolae_vaults_trapezoid_lopsided_1,
          nicolae_vaults_trapezoid_lopsided_3, layout_vaults_omnibox
Vaults:4: nicolae_vaults_ninety_degrees, nicolae_vaults_shipping_containers_1,
          nicolae_vaults_meiosis, nicolae_vaults_tangram_2, vaults_mumra_lcd,
          nicolae_vaults_trapezoid_2, nicolae_vaults_closet_pinwheel_6,
          vaults_dpeg_hooks, layout_vaults_ring, serial_shops, shop, shop,
          nicolae_shop_back_alley_shop, nicolae_shop_behind_doors, shop
Vaults:5
Depths:1: minmay_octagon_city, layout_basic, hangedman_abyss_or_decor_slice,
          grunt_hell_entry_dis_mu, pan_entry, st_stairs_10, glass_columns_c,
          drop_trap, lemuel_flamethrower_3, uniq_enchantress
Depths:2: kennysheep_treasure_stockpile, layout_basic, pf_dread_powers_of_hell,
          nicolae_abyss_entry_one_way_or_another, yredelemnul_altar_generic,
          special_room [special_room_morgue], rand_demon_pan_entry_1,
          grunt_gozag_statues
Depths:3: minmay_distorted_concentric_squares, layout_gridlike,
          enter_ziggurat_d, hellmouth_3, abyss_entry_glasseish,
          chequers_serial_rivers_large_b, enter_trove_1,
          hellmonk_ghost_happy_afterlife, grunt_pan_entry_spiral,
          mu_enter_wizlab_3, zin_scriptorium
Depths:4: grunt_crosshair, layout_honeycomb, grunt_decor_clamped,
          grunt_pan_entry_zigzag, hell_entry, kennysheep_okawaru_gauntlet
Zot:1:    infiniplex_zot_generator, layout_misc_corridors, grunt_ministairs_4
Zot:2:    layout_twisted_circle, nicolae_transmutations_shop,
          nicolae_transporter_intersection
Zot:3:    layout_concentric_octagons, gammafunk_ghost_cemetery
Zot:4:    dreamdust_black_sun_cult, layout_misc_corridors, grunt_megastairs_4

Skill      XL: |  1  2  3  4  5  6  7  8  9 10 11 12 13 14 15 16 17 18 19 20 21 22 23 24 25 |
---------------+----------------------------------------------------------------------------+-----
Axes           | 2 3 4 5 7 9 10 11 12 13 14 15 17 18 | 18.0
Shields        | 4 5 6 7 8 9 10 11 12 13 14 15 16 17 18 19 20 | 20.0
Fighting       | 4 5 6 7 8 9 10 11 12 13 15 17 18 19 21 22 24 26 | 26.3
Dodging        | 1 2 3 4 7 8 9 10 11 | 11.0
Armour         | 4 6 7 8 10 13 14 15 17 19 20 22 | 22.0
Throwing       | 1 2 3 4 5 6 7 8 10 11 13 14 | 14.0
Invocations    | 5 7 10 | 10.0

Action                     |  1- 3 |  4- 6 |  7- 9 | 10-12 | 13-15 | 16-18 | 19-21 | 22-24 | 25-27 || total
---------------------------+-------+-------+-------+-------+-------+-------+-------+-------+-------++-------
  Melee: War axe           |   122 |   137 |   489 |    36 |       |       |       |       |       ||   784
         Broad axe         |       |       |       |   350 |  1293 |  1732 |  1707 |  1352 |   502 ||  6936
         Demon whip        |       |       |       |       |    24 |       |       |       |       ||    24
         Morningstar       |       |       |       |       |     4 |       |       |       |       ||     4
  Throw: Boomerang         |       |     5 |    68 |    32 |    46 |    15 |    15 |       |    12 ||   193
         Javelin           |       |       |       |    54 |   119 |    44 |   111 |    80 |    56 ||   464
 Invoke: Heroism           |       |       |     3 |    15 |    36 |    28 |    19 |    30 |    12 ||   143
         Finesse           |       |       |       |     1 |     7 |     4 |     7 |     7 |     1 ||    27
    Use: Scroll            |     8 |     5 |     8 |     8 |     6 |     8 |     4 |     1 |     2 ||    50
         Potion            |       |     4 |     5 |     2 |       |     2 |     2 |     1 |       ||    16
   Stab: Petrified         |       |       |       |       |       |     3 |       |       |       ||     3
         Petrifying        |       |       |       |       |       |     2 |       |       |       ||     2
         Distracted        |       |       |       |       |       |       |       |     1 |       ||     1
 Armour: Scale mail        |    64 |    24 |       |       |       |       |       |       |       ||    88
         Plate armour      |       |   122 |   451 |   461 |   156 |       |       |       |       ||  1190
         Crystal plate arm |       |       |       |       |   755 |  1058 |   776 |   668 |   238 ||  3495
  Dodge: Dodged            |    49 |    58 |   146 |   134 |   284 |    97 |   105 |   169 |    72 ||  1114
  Block: Buckler           |    18 |       |       |       |       |       |       |       |       ||    18
         Kite shield       |     9 |    89 |   304 |   289 |   699 |  2643 |  1918 |  1544 |   529 ||  8024
         Tower shield      |       |       |       |       |    95 |       |       |       |       ||    95

Table legend:
 A = Non-vault XP
 B = Vault XP
 C = Vault XP percentage of total XP
 D = Non-vault monster count
 E = Vault monster count
 F = Vault count percentage of total count
                 A         B        C        D         E       F
            +---------+---------+-------+---------+---------+-------
      Total |  530322 |  558043 |  51.3 |    1201 |     813 |  40.4
            +---------+---------+-------+---------+---------+-------
        D:1 |      48 |       0 |   0.0 |      26 |       0 |   0.0
        D:2 |      87 |       0 |   0.0 |      28 |       0 |   0.0
        D:3 |      58 |     454 |  88.7 |      14 |      45 |  76.3
        D:4 |     240 |      36 |  13.0 |      12 |       1 |   7.7
        D:5 |     634 |       0 |   0.0 |      25 |       0 |   0.0
        D:6 |     950 |       0 |   0.0 |      32 |       0 |   0.0
        D:7 |     873 |     223 |  20.3 |      18 |       9 |  33.3
        D:8 |    2599 |       0 |   0.0 |      13 |       0 |   0.0
        D:9 |    2590 |    1567 |  37.7 |      34 |       5 |  12.8
       D:10 |    2262 |    2964 |  56.7 |      16 |       4 |  20.0
       D:11 |    3157 |     946 |  23.1 |      24 |       4 |  14.3
       D:12 |    3420 |     148 |   4.1 |      25 |       5 |  16.7
       D:13 |    5770 |    9689 |  62.7 |      22 |      22 |  50.0
       D:14 |    6861 |    3672 |  34.9 |      19 |       6 |  24.0
       D:15 |    5996 |    4585 |  43.3 |      16 |       5 |  23.8
     Lair:1 |    8198 |    1987 |  19.5 |      32 |      13 |  28.9
     Lair:2 |    5055 |     668 |  11.7 |      22 |       4 |  15.4
     Lair:3 |    4502 |    1434 |  24.2 |      16 |       3 |  15.8
     Lair:4 |    9829 |     157 |   1.6 |      30 |       4 |  11.8
     Lair:5 |   14076 |   11818 |  45.6 |      39 |      31 |  44.3
   Shoals:1 |   13814 |       0 |   0.0 |      30 |       0 |   0.0
   Shoals:2 |   18690 |    3562 |  16.0 |      39 |       5 |  11.4
   Shoals:3 |   14193 |       0 |   0.0 |      27 |       0 |   0.0
   Shoals:4 |   10580 |   19766 |  65.1 |      22 |      31 |  58.5
    Snake:1 |   24132 |       0 |   0.0 |      46 |       0 |   0.0
    Snake:2 |   21147 |       0 |   0.0 |      39 |       0 |   0.0
    Snake:3 |   22118 |       0 |   0.0 |      42 |       0 |   0.0
    Snake:4 |   13520 |   32016 |  70.3 |      30 |      45 |  60.0
      Orc:1 |    2093 |    6534 |  75.7 |      34 |      29 |  46.0
      Orc:2 |    2980 |    6472 |  68.5 |      23 |      67 |  74.4
   Vaults:1 |   28999 |   16924 |  36.9 |      51 |      23 |  31.1
   Vaults:2 |   33313 |   17735 |  34.7 |      54 |      20 |  27.0
   Vaults:3 |   23811 |   41648 |  63.6 |      38 |      48 |  55.8
   Vaults:4 |   30727 |   22643 |  42.4 |      44 |      23 |  34.3
   Vaults:5 |   18185 |  101910 |  84.9 |      20 |      90 |  81.8
   Depths:1 |   28930 |   87702 |  75.2 |      34 |      91 |  72.8
   Depths:2 |   28499 |   47139 |  62.3 |      43 |      47 |  52.2
   Depths:3 |   26880 |   21360 |  44.3 |      31 |      23 |  42.6
   Depths:4 |   30726 |   30899 |  50.1 |      36 |      29 |  44.6
      Zot:1 |   16902 |   25450 |  60.1 |      17 |      32 |  65.3
      Zot:2 |   16607 |       0 |   0.0 |      14 |       0 |   0.0
      Zot:3 |   23924 |       0 |   0.0 |      22 |       0 |   0.0
      Zot:4 |    2347 |    4628 |  66.4 |       2 |       4 |  66.7
     WizLab |       0 |   26369 | 100.0 |       0 |      37 | 100.0
   Gauntlet |       0 |    4938 | 100.0 |       0 |       8 | 100.0
            +---------+---------+-------+---------+---------+-------
